 Dungeon Crawl Stone Soup version 0.27-a0-650-g8dd3ea4f36 (webtiles) character file.

Game seed: 14453034446713470069

1348345 spiderkeys the Minotaur Barricade (level 27, -8/273 HPs)
             Began as a Minotaur Berserker on Mar 15, 2021.
             Was the Champion of the Shining One.
             Killed from afar by a blizzard demon (12 damage)
             ... with a bolt of lightning
             ... on level 7 of Cocytus on Mar 16, 2021.
             The game lasted 05:45:28 (134084 turns).

spiderkeys the Minotaur Barricade (MiBe)          Turns: 134084, Time: 05:45:29

Health: -8/273     AC: 39    Str: 32    XL:     27
Magic:  27/37      EV: 22    Int: 10    God:    the Shining One [******]
Gold:   12642      SH: 34    Dex: 15    Spells: 27/46 levels left

rFire    + + .     SeeInvis +   a - +9 trishula (holy)
rCold    + + +     Faith    .   I - +1 tower shield {rC+ rF+}
rNeg     + + +     Spirit   .   X - +9 gold dragon scales
rPois    +         Reflect  +   Q - +0 mask of the Dragon {Will+ Slay+3 SInv}
rElec    .         Harm     .   F - +2 cloak {rCorr}
rCorr    +         Rampage  +   (no gloves)
Will     +++..                  U - +2 pair of boots {rampage}
Stlth    ..........             Y - amulet of reflection
HPRegen  1.55/turn              S - ring of Ihefuih {rC+ Str+3 Int+5}
MPRegen  0.25/turn              f - ring "Qovaqeri" {rN+ Slay+3 SInv}

@: glowing, studying 3 skills
A: horns 2, retaliatory headbutt, talons 1, repulsion field 1, thin skeletal
structure 1, agile 1, blurry vision 2, deformed body, dopey 1, regeneration 1,
shaggy fur 1, weak 1, wild magic 1, no potion heal 1
}: 13/15 runes: serpentine, barnacled, slimy, silver, iron, obsidian, bone,
abyssal, demonic, glowing, magical, fiery, dark
a: Renounce Religion, Divine Shield, Cleansing Flame, Summon Divine Warrior


You were on level 7 of Cocytus.
You worshipped the Shining One.
The Shining One was exalted by your worship.
You visited 17 branches of the dungeon, and saw 87 of its levels.
You visited Pandemonium 1 time, and saw 16 of its levels.
You visited the Abyss 3 times.
You also visited: Trove, Ossuary, Gauntlet, Ice Cave and Wizlab.

You collected 15849 gold pieces.
You spent 3207 gold pieces at shops.

Inventory:

Hand Weapons
 a - a +9 trishula of holy wrath (weapon)
 b - a +9 fustibalus of freezing
 y - the +18 lance "Wyrmbane" {slay drac, rPois rF+ rC+ AC+3}
   (Trog gifted it to you on level 5 of the Realm of Zot)

   It affects your AC (+3).
   It protects you from fire.
   It protects you from cold.
   It protects you from poison.
 K - a +9 antimagic spear
 P - the +8 hunting sling of Light {flame, +Fly Dex+8}
   (You found it on level 3 of the Elven Halls)

   It causes projectiles fired from it to burn those they strike, causing extra
   injury to most foes and up to half again as much damage against particularly
   susceptible opponents.
   It affects your dexterity (+8).
   It lets you fly.
 T - the +11 spear "Hell-Harrower" {freeze, +Fly rElec Will+ Dex+2}
   (You bought it in a shop on level 4 of the Dungeon)

   It has been specially enchanted to freeze those struck by it, causing extra
   injury to most foes and up to half again as much damage against particularly
   susceptible opponents.
   It can also slow down cold-blooded creatures.
   It affects your dexterity (+2).
   It insulates you from electricity.
   It affects your willpower, your defense against some magical effects.
   It lets you fly.
Missiles
 c - 7 throwing nets
 p - 16 silver javelins
 r - 501 sling bullets
 B - 41 javelins
 H - 542 stones
Armour
 k - the +5 pair of gloves "Buykkiang" {*Slow rPois Str+2 Stlth+}
   (You found it in a treasure trove)

   It affects your strength (+2).
   It protects you from poison.
   It may slow you when you take damage.
   It makes you more stealthy.
 F - a +2 cloak of preservation (worn)
 I - a +1 tower shield of resistance (worn)
 Q - the +0 mask of the Dragon (worn) {Will+ Slay+3 SInv}
   (You found it on level 7 of Gehenna)

   It affects your accuracy and damage with ranged weapons and melee attacks
   (+3).
   It affects your willpower, your defense against some magical effects.
   It lets you see invisible.
 U - a +2 pair of boots of rampaging (worn)
 X - +9 gold dragon scales (worn)
Jewellery
 f - the ring "Qovaqeri" (left hand) {rN+ Slay+3 SInv}
   (You acquired it on level 2 of the Lair of Beasts)

   [ring of see invisible]

   It affects your accuracy and damage with ranged weapons and melee attacks
   (+3).
   It protects you from negative energy.
   It lets you see invisible.
 m - the ring "Sudilidgh" {rElec rF++ rC- Str+6}
   (You took it off a deep elf knight on level 3 of the Elven Halls)

   [ring of strength]

   It affects your strength (+6).
   It greatly protects you from fire.
   It makes you vulnerable to cold.
   It insulates you from electricity.
 S - the ring of Ihefuih (right hand) {rC+ Str+3 Int+5}
   (You found it in Pandemonium)

   [ring of protection from cold]

   It affects your strength (+3).
   It affects your intelligence (+5).
   It protects you from cold.
 V - the ring "Plog" {*Contam rPois rF+ Int+3 Stlth+}
   (You found it on level 3 of the Depths)

   [ring of protection from fire]

   It affects your intelligence (+3).
   It protects you from fire.
   It protects you from poison.
   It causes magical contamination when unequipped.
   It makes you more stealthy.
 Y - an amulet of reflection (around neck)
Wands
 v - a wand of iceblast (52)
 G - a wand of digging (41)
 J - a wand of paralysis (62)
 M - a wand of acid (34)
 R - a wand of mindburst (21)
Scrolls
 j - 19 scrolls of fear
 n - a scroll of magic mapping
 q - 14 scrolls of immolation
 s - 10 scrolls of amnesia
 t - 3 scrolls of summoning
 u - 3 scrolls of enchant weapon
 w - 14 scrolls of fog
 A - 31 scrolls of teleportation
 D - 51 scrolls of identify
 W - 3 scrolls of silence
 Z - 2 scrolls of holy word
Potions
 d - a potion of heal wounds
 e - 8 potions of cancellation
 h - 5 potions of magic
 l - 5 potions of resistance
 o - 48 potions of curing
 x - 14 potions of brilliance
 z - 17 potions of haste
 C - 5 potions of flight
 E - 8 potions of lignification
 L - 6 potions of berserk rage
 N - 10 potions of might
 O - 7 potions of ambrosia
Miscellaneous
 g - a phantom mirror
 i - a box of beasts


   Skills:
 O Level 27 Fighting
 - Level 8.0(19.7) Axes
 - Level 26.8(27) Polearms
 - Level 24.4(27) Slings
 + Level 21.1(24.7) Throwing
 O Level 27 Armour
 O Level 27 Dodging
 O Level 27 Shields
 - Level 10.0 Spellcasting
 * Level 18.1 Translocations
 - Level 23.1 Invocations
 * Level 20.7 Evocations


You had 27 spell levels left.
You knew the following spells:

 Your Spells              Type           Power      Damage    Failure   Level
a - Apportation           Tloc           100%       N/A       1%          1
b - Sublimation of Blood  Necr           3%         N/A       75%         2
c - Portal Projectile     Hex/Tloc       60%        N/A       8%          3
d - Blink                 Tloc           N/A        N/A       1%          2
e - Manifold Assault      Tloc           52%        N/A       1%          4
f - Passage of Golubria   Tloc           N/A        N/A       1%          4
g - Teleport Other        Tloc           52%        N/A       1%          3

Your spell library contained the following spells:

 Spells                   Type           Power      Damage    Failure   Level
 Gell's Gravitas          Tloc           26%        N/A       1%          3
 Lesser Beckoning         Tloc           26%        N/A       1%          3
 Dispersal                Tloc           26%        N/A       10%         6
 Iskenderun's Mystic Bla  Conj/Tloc      30%        2d8       22%         4
 Summon Forest            Summ/Tloc      15%        N/A       50%         5
 Animate Skeleton         Necr           12%        N/A       63%         1
 Beastly Appendage        Tmut           12%        N/A       63%         1
 Corona                   Hex            6%         N/A       63%         1
 Foxfire                  Conj/Fire      24%        2x1d5     63%         1
 Freeze                   Ice            24%        1d5       63%         1
 Magic Dart               Conj           24%        1d4       63%         1
 Pain                     Necr           24%        1d5       63%         1
 Sandblast                Erth           12%        2d6       63%         1
 Shock                    Conj/Air       24%        1d4       63%         1
 Sting                    Tmut/Pois      24%        1d4       63%         1
 Summon Small Mammal      Summ           24%        N/A       63%         1
 Call Imp                 Summ           6%         N/A       75%         2
 Corpse Rot               Necr/Air       N/A        N/A       75%         2
 Passwall                 Tmut/Erth      5%         N/A       75%         2
 Poisonous Vapours        Pois/Air       12%        N/A       75%         2
 Searing Ray              Conj           12%        3d3       75%         2
 Slow                     Hex            6%         N/A       75%         2
 Swiftness                Air            6%         N/A       75%         2
 Wereblood                Tmut           6%         N/A       75%         2
 Call Canine Familiar     Summ           6%         N/A       92%         3
 Confusing Touch          Hex            6%         N/A       92%         3
 Conjure Flame            Conj/Fire      6%         6-21      92%         3
 Dazzling Flash           Conj/Hex       12%        N/A       92%         3
 Frozen Ramparts          Ice            12%        1d3       92%         3
 Ignite Poison            Fire/Tmut/Pois 6%         N/A       92%         3
 Inner Flame              Hex/Fire       6%         N/A       92%         3
 Mephitic Cloud           Conj/Pois/Air  6%         N/A       92%         3
 Ozocubu's Armour         Ice            6%         N/A       92%         3
 Spider Form              Tmut/Pois      3%         N/A       92%         3
 Static Discharge         Conj/Air       6%         N/A       92%         3
 Stone Arrow              Conj/Erth      12%        3d7       92%         3
 Summon Guardian Golem    Hex/Summ       6%         N/A       92%         3
 Tukima's Dance           Hex            6%         N/A       92%         3
 Vampiric Draining        Necr           3%         2d6       92%         3
 Disjunction              Tloc           26%        N/A       96%         8
 Airstrike                Air            3%         N/A       100%        4
 Animate Armour           Summ/Erth      12%        N/A       100%        4
 Animate Dead             Necr           3%         N/A       100%        4
 Cause Fear               Hex            3%         N/A       100%        4
 Dispel Undead            Necr           6%         3d8       100%        4
 Fulminant Prism          Conj/Hex       3%         3d6       100%        4
 Hailstorm                Conj/Ice       6%         3d4       100%        4
 Ice Form                 Ice/Tmut       6%         N/A       100%        4
 Leda's Liquefaction      Hex/Erth       3%         N/A       100%        4
 Olgreb's Toxic Radiance  Pois           6%         N/A       100%        4
 Petrify                  Tmut/Erth      6%         N/A       100%        4
 Sticky Flame             Conj/Fire      6%         2d3       100%        4
 Summon Ice Beast         Ice/Summ       6%         N/A       100%        4
 Summon Lightning Spire   Summ/Air       6%         N/A       100%        4
 Agony                    Necr           6%         N/A       100%        5
 Alistair's Intoxication  Tmut/Pois      4%         N/A       100%        5
 Blade Hands              Tmut           3%         N/A       100%        5
 Bolt of Magma            Conj/Fire/Erth 3%         4d5       100%        5
 Excruciating Wounds      Necr           3%         N/A       100%        5
 Fireball                 Conj/Fire      3%         3d4       100%        5
 Irradiate                Conj/Tmut      3%         3d14      100%        5
 Iskenderun's Battlesphe  Conj           6%         2d6       100%        5
 Lee's Rapid Deconstruct  Erth           3%         3d6*      100%        5
 Lightning Bolt           Conj/Air       3%         1d14      100%        5
 Metabolic Englaciation   Hex/Ice        3%         N/A       100%        5
 Silence                  Hex/Air        3%         N/A       100%        5
 Summon Mana Viper        Hex/Summ       6%         N/A       100%        5
 Yara's Violent Unravell  Hex/Tmut       3%         3d4       100%        5
 Conjure Ball Lightning   Conj/Air       3%         3x3d6     100%        6
 Eringya's Noxious Bog    Tmut/Pois      3%         N/A       100%        6
 Freezing Cloud           Conj/Ice/Air   3%         6-21      100%        6
 Hydra Form               Tmut           3%         N/A       100%        6
 Invisibility             Hex            6%         N/A       100%        6
 Iron Shot                Conj/Erth      3%         9d2       100%        6
 Shadow Creatures         Summ           N/A        N/A       100%        6
 Simulacrum               Ice/Necr       3%         N/A       100%        6
 Starburst                Conj/Fire      3%         8x6d3     100%        6
 Statue Form              Tmut/Erth      4%         N/A       100%        6
 Dragon Form              Tmut           3%         N/A       100%        7
 Haunt                    Necr/Summ      3%         N/A       100%        7
 Malign Gateway           Summ/Tloc      15%        N/A       100%        7
 Monstrous Menagerie      Summ           3%         N/A       100%        7
 Orb of Destruction       Conj           3%         9d1       100%        7
 Ozocubu's Refrigeration  Ice            3%         4d5       100%        7
 Spellforged Servitor     Conj/Summ      3%         N/A       100%        7
 Summon Hydra             Summ           3%         N/A       100%        7
 Borgnjor's Revivificati  Necr           3%         N/A       100%        8
 Chain Lightning          Conj/Air       3%         N/A       100%        8
 Discord                  Hex            3%         N/A       100%        8
 Ignition                 Fire           3%         3d4       100%        8
 Infestation              Necr           3%         N/A       100%        8
 Lehudib's Crystal Spear  Conj/Erth      3%         10d2      100%        8
 Necromutation            Tmut/Necr      3%         N/A       100%        8
 Summon Horrible Things   Summ           3%         N/A       100%        8
 Absolute Zero            Ice            3%         ∞         100%        9
 Death's Door             Necr           3%         N/A       100%        9
 Dragon's Call            Summ           3%         N/A       100%        9
 Fire Storm               Conj/Fire      3%         8d1       100%        9
 Shatter                  Erth           3%         3d7*      100%        9
 Tornado                  Air            3%         N/A       100%        9


Dungeon Overview and Level Annotations

Branches:
Dungeon (15/15)            Temple (1/1) D:7            Lair (6/6) D:10
 Shoals (4/4) Lair:4        Snake (4/4) Lair:2        Slime (5/5) Lair:6
    Orc (2/2) D:11            Elf (3/3) Orc:2        Vaults (5/5) D:14
  Crypt (3/3) Vaults:3       Tomb (0/3) Crypt:3      Depths (5/5) D:15
   Hell (visited)             Dis (7/7) Hell            Geh (7/7) Hell
    Coc (7/7) Hell            Tar (7/7) Hell            Zot (5/5) Depths:5
Ossuary (visited)           IceCv (visited)          WizLab (visited)
Gauntlet (visited)

Altars:
Ashenzari
Cheibriados
Dithmenos
Elyvilon
Fedhas
Gozag
Hepliaklqana
Kikubaaqudgha
Makhleb
Nemelex Xobeh
Okawaru
Qazlal
Ru
Trog
Uskayaw
Vehumet
Wu Jian
Xom
Yredelemnul
Zin
The Shining One
Beogh
Jiyva

Shops:
D:4 (   D:15 !   Orc:2 (((!*   Elf:1 =   Shoals:4 *   Snake:4 *[=:   Vaults:2 ?
Vaults:3 :   Vaults:4 :   Depths:1 (   Depths:2 :=:   Depths:3 :(![

Portals:
Hell: Depths:1 Depths:2 Depths:3 Depths:4 Depths:5
Abyss: Depths:1 Depths:3 Depths:4
Pandemonium: Depths:1 Depths:3
Ziggurat: Depths:1


Innate Abilities, Weirdness & Mutations

You have a pair of horns on your head.
You reflexively headbutt those who attack you in melee.
You have sharp toenails.
You are surrounded by a mild repulsion field. (EV +2)
You have a somewhat thin skeletal structure. (Dex +2, Stealth)
You are agile. (Dex +2)
Scrolls take you longer to read.
Armour fits poorly on your strangely shaped body.
You are dopey. (Int -2)
Your natural rate of healing is unusually fast.
You are covered in fur. (AC +1)
You are weak. (Str -2)
Your spells are a little harder to cast, but a little more powerful.
Potions are less effective at restoring your health.


Message History

The seven-headed hydra simulacrum misses you.
You furiously retaliate!
You headbutt the seven-headed hydra simulacrum!
The seven-headed hydra simulacrum misses you.
The seven-headed hydra simulacrum bites you but does no damage. x2
The seven-headed hydra simulacrum misses you.
You block the seven-headed hydra simulacrum's attack.
The seven-headed hydra simulacrum completely misses you.
The white imp is engulfed in freezing vapours.
The white imp dies!
The Ice Fiend calls on the powers of darkness!
Your body is wracked with pain!
* * * LOW HITPOINT WARNING * * *
The water elemental is engulfed in freezing vapours.
The water elemental is destroyed!
You gasp with relief as air once again reaches your lungs.
The anaconda skeleton is engulfed in freezing vapours.
The anaconda skeleton grabs you. The anaconda skeleton misses you.
The anaconda skeleton constricts you. The titan simulacrum misses you.
The blizzard demon is engulfed in freezing vapours.
The blizzard demon hits you but does no damage.
You block the blizzard demon's attack.
The ice dragon skeleton is engulfed in freezing vapours.
Casting: Blink (safe; 1% risk of failure)
Confirm with . or Enter, or press ? or * to list all spells.
You escape the anaconda skeleton's grasp.
You blink.
The seven-headed hydra simulacrum misses you.
You furiously retaliate!
You headbutt the seven-headed hydra simulacrum!
You block the seven-headed hydra simulacrum's attack. x2
The seven-headed hydra simulacrum bites you but does no damage.
You block the seven-headed hydra simulacrum's attack. x2
The seven-headed hydra simulacrum misses you.
The anaconda skeleton is engulfed in freezing vapours.
The blizzard demon gestures at you. The bolt of lightning hits you!
* * * LOW HITPOINT WARNING * * *
The bolt of lightning hits you!
You die...

. . .#. .# #.≈.
####### .≈.
.≈≈≈.#.....#.≈≈
.≈.#..@Z...#.≈≈ ≈≈
≈.#..2Z2ZZ..# ≈ ≈≈
≈.#...#Z#Z..#
≈##≈##
.≈≈≈.#..1°Z°...#
#..#..
≈≈≈≈.#...Z.°°..#
#.W..Z
#≈≈≈≈.#n......#.≈≈
≈#.ZZ4
#Z≈≈≈≈2#..#..#.≈≈≈
#..ZZn#ZZ≈≈≈≈≈Z##
##.≈≈≈
#..Z44.#5≈≈≈≈≈≈
≈≈≈≈≈


You could see an Ice Fiend, 3 blizzard demons, a bog body, an anaconda
simulacrum, an eight-headed hydra simulacrum, 2 seven-headed hydra simulacra, a
titan simulacrum, a seven-headed hydra zombie, an anaconda skeleton and an ice
dragon skeleton.

Vanquished Creatures
  Cerebov (Pan)
  Asmodeus (Geh:7)
  the Royal Jelly (Slime:5)
  Ereshkigal (Tar:7)
  Gloorx Vloq (Pan)
  A seraph (Pan)
  the Serpent of Hell (Tar:7)
  Mnoleg (Pan)
  7 dread liches
  Dispater (Dis:7)
  3 orbs of fire
  4 ancient liches
  A juggernaut (Depths:4)
  Frederick (Crypt:2)
  Margery (Depths:5)
  4 shard shrikes
  A curse toe (Zot:4)
  8 Killer Klowns
  Vashnia (Snake:4)
  7 pandemonium lords (Pan)
  Geryon (Hell)
  Nikola (Depths:1)
  Jory (Vaults:3)
  2 pearl dragons (Pan)
  9 golden dragons
  17 bone dragons
  the Enchantress (Depths:3)
  41 Tzitzimimeh
  33 Brimstone Fiends
  4 electric golems
  A Cloud Mage (WizLab)
  11 doom hounds
  15 iron giants
  15 Ice Fiends
  15 Hell Sentinels
  3 hellephants
  25 Orb Guardians (Zot:5)
  4 deep elf blademasters (Elf:3)
  8 titans
  Asterion (Elf:1)
  17 tentacled monstrosities
  18 liches
  Murray (Depths:2)
  11 acid blobs
  11 quicksilver dragons
  5 deep elf master archers (Elf:3)
  6 tentacled starspawn
  An eldritch tentacle (Pan)
  8 sphinxes
  36 Executioners
  Agnes (D:15)
  7 death cobs
  A kraken (Shoals:2)
  Polyphemus (Shoals:3)
  30 ancient champions
  A thorn hunter (Abyss:4)
  5 draconian monks
  12 storm dragons
  8 tengu reavers
  Roxanne (Elf:2)
  9 nagarajas
  A revenant (Crypt:2)
  Kirke (Lair:4)
  14 daevas (Pan)
  An azure jelly (shapeshifter) (Vaults:5)
  3 rockslimes
  15 shadow dragons
  4 draconian scorchers
  12 frost giants
  9 azure jellies
  A ghost moth (shapeshifter) (Vaults:4)
  12 fire giants
  9 deep elf sorcerers
  11 iron dragons
  5 ghost moths
  41 balrugs
  3 ghouls
  32 cacodemons
  7 draconian knights
  9 vault wardens
  13 warmongers (Pan)
  5 draconian shifters
  2 orc warlords
  Louise (Elf:1)
  31 angels
  3 curse skulls
  5 spriggan defenders (Depths:3)
  A deep elf elementalist (Elf:3)
  4 draconian stormcallers
  114 reapers
  18 ironbound preservers
  20 very ugly things
  4 draconian annihilators
  20 war gargoyles
  13 blood saints (Pan)
  31 apis (Pan)
  An elemental wellspring (Coc:5)
  9 quicksilver oozes
  11 vampire knights
  38 stone giants
  The ghost of thegreatwait the Severer, a journeyman MiBe of Trog (Lair:2)
  17 ophanim (Pan)
  12 corrupters (Pan)
  12 black suns (Pan)
  13 black draconians
  18 starcursed masses
  8 red draconians
  3 deep elf demonologists
  2 entropy weavers
  11 green draconians
  9 purple draconians
  11 white draconians
  10 deep elf annihilators
  11 yellow draconians
  21 lorocyprocas (Pan)
  A minotaur (Gauntlet)
  The ghost of BlueFish the Severer, a journeyman MiMo of Makhleb (Lair:1)
  2 dire elephants
  28 blizzard demons
  12 eidola
  10 spark wasps
  13 ettins
  A merfolk javelineer (Shoals:1)
  6 deep elf death magi
  15 green deaths
  A mummy priest (Crypt:3)
  8 jiangshi
  10 yaktaur captains
  2 crystal guardians (Vaults:2)
  10 quicksilver dragon zombies
  12 fire dragons
  3 deep elf high priests
  2 kraken zombies
  3 merfolk impalers
  4 great orbs of eyes
  7 quicksilver dragon skeletons
  22 ice dragons
  7 rakshasas
  31 vault guards
  2 spectral krakens (Tar:7)
  2 peacekeepers (Vaults:2)
  17 naga warriors
  4 ironbound thunderhulks
  5 ghost crabs
  A caustic shrike simulacrum (Depths:4)
  12 monstrous demonspawn (Pan)
  A hydra (shapeshifter) (Vaults:5)
  5 hydras
  5 boulder beetles
  4 catoblepae
  An anaconda (shapeshifter) (Depths:1)
  7 two-headed ogres
  An alligator snapping turtle (Shoals:4)
  5 centaur warriors
  12 anacondas
  5 spriggan air magi
  3 merfolk aquamancers (Shoals:4)
  2 merfolk avatars (Shoals:4)
  5 ironbound frosthearts
  46 hell hogs
  A two-headed ogre (shapeshifter) (Depths:4)
  9 deep troll shamans
  30 dancing weapons
  4 death knights
  5 tengu warriors
  5 satyrs
  22 deep troll earth magi
  Urug (D:11)
  A queen ant (shapeshifter) (Vaults:4)
  9 death yaks
  6 vampire magi
  A death yak (shapeshifter) (Vaults:5)
  6 ironbound beastmasters
  5 thrashing horrors
  20 naga sharpshooters
  8 spriggan berserkers
  6 titan zombies
  75 sun demons
  65 soul eaters
  4 titan skeletons
  94 hell knights
  7 spriggans (Depths:3)
  14 storm dragon zombies
  14 iron golems
  20 deep elf knights
  3 wretched stars
  10 shadow wraiths
  6 salamander mystics (Snake:4)
  16 shock serpents
  21 iron trolls
  26 sixfirhies (Pan)
  A spatial maelstrom (Abyss:1)
  A fire crab (Geh:5)
  185 skeletal warriors
  2 ghost moth zombies
  12 storm dragon skeletons
  11 anaconda zombies
  3 infernal demonspawn (Pan)
  7 golden dragon zombies
  4 death drakes
  6 sea snakes
  A kraken simulacrum (Coc:1)
  21 cherubim (Pan)
  5 bog bodies
  6 gelid demonspawn (Pan)
  9 golden dragon skeletons
  16 deep elf archers
  A glowing orange brain (shapeshifter) (Vaults:5)
  A swamp dragon (Lair:6)
  57 deep trolls
  10 lindwurms
  33 shadow demons
  3 unseen horrors
  18 flayed ghosts
  8 glowing orange brains
  20 ironbound convokers
  9 shadow dragon zombies
  An iron giant skeleton (Crypt:2)
  9 orc knights
  A spectral hydra (Lair:1)
  18 harpies
  7 torturous demonspawn (Pan)
  13 wolf spider zombies
  6 naga ritualists
  27 phantasmal warriors
  38 deep elf pyromancers
  6 anaconda skeletons
  8 iron dragon zombies
  7 wizards
  26 deep elf zephyrmancers
  11 mana vipers
  36 necromancers
  3 tengu skeletons
  A wolf spider (Lair:1)
  An orc sorcerer (Abyss:4)
  4 fire giant zombies
  30 ugly things
  14 salamanders
  14 stone giant zombies
  12 frost giant zombies
  26 cyclopes
  11 manticores
  A shining eye (Slime:5)
  4 oklob plants
  5 fauns
  9 shadow dragon skeletons
  2 worldbinders
  8 dire elephant zombies
  6 frost giant skeletons
  82 slime creatures
  22 moths of wrath
  4 centaur zombies
  6 iron dragon skeletons
  15 elephants
  5 guardian serpents
  17 naga magi
  18 vault sentinels
  12 molten gargoyles
  27 black mambas
  5 shock serpent zombies
  6 torpor snails
  9 ice statues
  8 merfolk sirens
  61 rust devils
  62 smoke demons
  5 shock serpent skeletons
  9 fire giant skeletons
  12 stone giant skeletons
  8 catoblepas zombies
  8 apocalypse crabs
  5 water nymphs
  4 eyes of devastation
  5 emperor scorpion zombies
  A black draconian zombie (Geh:7)
  31 orange demons
  9 cane toads
  49 hellions
  7 spectral swamp worms (Tar:7)
  A titan simulacrum (Coc:7)
  5 rime drakes
  5 dire elephant skeletons
  Psyche (D:10)
  12 centaur skeletons
  An elephant slug zombie (Crypt:1)
  13 efreet
  14 yaktaurs
  9 komodo dragons
  A minotaur zombie (Gauntlet)
  3 tengu conjurers
  57 ice devils
  5 catoblepas skeletons
  24 demonic crawlers (Pan)
  71 red devils
  37 freezing wraiths
  A guardian mummy (Crypt:3)
  73 tormentors
  2 yaktaur skeletons (Vaults:3)
  4 ancient zymes
  A komodo dragon (shapeshifter) (Vaults:4)
  A redback zombie (Crypt:1)
  17 trolls
  5 anaconda simulacra
  4 minotaur skeletons
  A red draconian skeleton (Crypt:1)
  4 silent spectres
  2 harpy zombies (Dis:6)
  55 hellwings
  15 merfolk
  A jumping spider (Vaults:4)
  A queen ant zombie (Crypt:2)
  18 hydra zombies
  2 merfolk (shapeshifter)
  13 polar bears
  5 tyrant leeches
  9 wind drakes
  2 wind drakes (shapeshifter)
  14 hornets
  10 dream sheep
  Grinder (D:4)
  4 harpy skeletons
  8 fire dragon zombies
  12 ice dragon zombies
  9 hydra skeletons
  20 blink frogs
  14 ettin zombies
  7 alligator zombies
  2 raiju (Abyss:4)
  10 snapping turtles
  A guardian serpent skeleton (Crypt:2)
  3 alligator skeletons
  12 air elementals
  A redback (shapeshifter) (Elf:3)
  A spectral black mamba (Lair:1)
  A tarantella (Vaults:4)
  Eustachio (D:4)
  A redback (Vaults:4)
  6 ice dragon skeletons
  11 water elementals
  11 ettin skeletons
  A vampire (Abyss:4)
  139 flying skulls
  49 ynoxinuls
  39 shadows
  59 wraiths
  26 yaks
  2 deep troll skeletons (Vaults:3)
  11 fire dragon skeletons
  3 hogs (Lair:4)
  6 basilisks
  5 black mamba skeletons
  46 large abominations
  2 wyverns
  A dire elephant simulacrum (Coc:5)
  6 golden eyes
  52 chaos spawn
  42 fire elementals
  A golden eye (shapeshifter) (Vaults:5)
  A tyrant leech zombie (Crypt:2)
  21 neqoxecs (Pan)
  3 steam dragons
  A yaktaur simulacrum (Vaults:3)
  8 vampire mosquitoes (D:15)
  Menkaure (D:4)
  A harpy simulacrum (IceCv)
  2 iron troll simulacra (IceCv)
  A spectral cane toad (Lair:1)
  3 merfolk zombies
  8 wargs
  3 acid dragons (Lair:6)
  80 nagas
  4 swamp worms (Gauntlet)
  17 cane toad zombies
  3 spatial vortices (Abyss:1)
  A torturous demonspawn zombie (Tar:7)
  8 hydra simulacra
  137 hell hounds
  24 water moccasins
  A gelid demonspawn skeleton (Crypt:2)
  12 ice beasts
  5 cane toad skeletons
  17 snapping turtle zombies
  5 swamp dragon zombies
  4 sky beasts
  A spectral torpor snail (Lair:1)
  4 manticore zombies
  An alligator simulacrum (Abyss:3)
  42 orc warriors
  A swamp drake (Lair:6)
  29 necrophages
  An ettin simulacrum (IceCv)
  8 black bears
  17 ogres
  5 human skeletons
  16 wolves
  3 manticore skeletons
  18 centaurs
  6 snapping turtle skeletons
  4 swamp dragon skeletons
  15 phantoms
  4 elf zombies
  A kobold brigand (D:3)
  Blork the orc (D:4)
  17 bullfrogs
  A komodo dragon zombie (Crypt:1)
  2 earth elementals
  2 wyvern zombies
  9 small abominations
  A glowing shapeshifter simulacrum (Depths:4)
  2 elf skeletons
  8 wyvern skeletons (Crypt:3)
  3 scorpions
  A hornet simulacrum (D:14)
  A water moccasin skeleton (D:7)
  3 spriggan zombies
  17 killer bees
  A lindwurm simulacrum (Lair:1)
  2 electric eels (Lair:6)
  A vampire bat (Lair:6)
  136 wights
  4 howler monkeys
  3 spriggan skeletons
  A torpor snail simulacrum (Lair:1)
  3 troll skeletons
  10 crimson imps
  2 bullfrog zombies
  3 human zombies
  2 bullfrog skeletons
  Crazy Yiuf (D:7)
  An elf simulacrum (Coc:5)
  18 orc priests
  6 hounds
  61 iron imps
  3 jellies
  5 quasits
  12 iguanas
  24 orc wizards
  6 hell rats
  10 worker ants
  A tengu zombie (Dis:7)
  An ogre zombie (Dis:4)
  A naga zombie (Geh:2)
  A naga skeleton (Geh:4)
  2 ogre skeletons
  A hound zombie (D:6)
  A hound skeleton (D:10)
  18 mummies
  2 howler monkey zombies
  A worker ant zombie (D:6)
  Robin (D:4)
  7 gnolls
  2 howler monkey skeletons
  20 adders
  21 shadow imps
  16 white imps
  4 ufetubi
  5 oozes
  3 adder skeletons
  4 worms
  A dart slug (D:3)
  5 leopard geckos
  123 orcs
  2 ball pythons (D:1)
  A bat skeleton (Crypt:2)
  10 giant cockroaches
  13 goblins
  14 hobgoblins
  12 jackals
  6 quokkas
  A ball python skeleton (Crypt:1)
  14 bats
  3 frilled lizards
  3 hobgoblin zombies
  2 jackal skeletons
  A jackal zombie (Ossuary)
  11 kobolds
  3 kobold zombies
  A leopard gecko zombie (D:5)
  2 orc skeletons
  5 orc zombies
  5 rats
  2 rat zombies (Ossuary)
  5 fire vortices (Pan)
  A lurking horror (Abyss:4)
  A starspawn tentacle (Abyss:1)
  11 tentacles
5780 creatures vanquished.

Vanquished Creatures (collateral kills)
  Lom Lobon (Pan)
  A bone dragon (Tar:6)
  3 iron giants (Dis:7)
  3 Tzitzimimeh
  8 Brimstone Fiends
  2 hellephants (Geh:6)
  A tentacled monstrosity (Vaults:5)
  A lich (Geh:2)
  4 ancient champions
  A daeva (Pan)
  A fire giant (Geh:7)
  A nagaraja (Snake:4)
  An iron dragon (Dis:7)
  A vault warden (Vaults:5)
  A cacodemon (Pan)
  4 balrugs
  A war gargoyle (Dis:7)
  2 draconian annihilators (Pan)
  13 reapers
  2 stone giants (Dis:4)
  2 vampire knights
  A deep elf demonologist (Vaults:5)
  A lorocyproca (Dis:7)
  A merfolk javelineer (Shoals:4)
  2 green deaths (Pan)
  2 quicksilver dragon zombies
  2 merfolk impalers (Shoals:4)
  A spectral kraken (Tar:7)
  A quicksilver dragon skeleton (Dis:7)
  A naga warrior (Snake:4)
  A monstrous demonspawn (Pan)
  A hell beast (Dis:7)
  A merfolk aquamancer (Shoals:4)
  A two-headed ogre (Dis:4)
  10 hell hogs
  A sun demon (Geh:3)
  A large abomination (Pan)
  5 soul eaters (Tar:7)
  2 storm dragon zombies
  19 hell knights
  2 iron trolls (Dis:7)
  20 skeletal warriors
  3 anaconda zombies
  2 glowing orange brains (Pan)
  A golden dragon zombie (Geh:6)
  3 flayed ghosts
  A storm dragon skeleton (Geh:7)
  2 ghost moth zombies
  2 phantasmal warriors
  2 shadow demons (Tar:7)
  2 anaconda skeletons (Geh:3)
  2 shadow dragon zombies
  An ironbound convoker (Vaults:5)
  3 necromancers
  2 frost giant zombies
  A wizard (Pan)
  A fire giant zombie (Geh:5)
  A frost giant skeleton (Tar:7)
  A cyclops (Dis:7)
  A guardian serpent (Snake:4)
  4 rust devils
  3 molten gargoyles (Geh:7)
  A fire giant skeleton (Geh:2)
  2 smoke demons (Pan)
  2 spectral swamp worms (Tar:7)
  An emperor scorpion zombie (Tar:7)
  A shock serpent skeleton (Geh:2)
  An orange demon (Pan)
  8 hellions
  7 tormentors
  2 yaktaurs (Vaults:5)
  2 ice devils
  An efreet (Dis:7)
  4 red devils
  A hydra zombie (Geh:4)
  2 hellwings (Pan)
  An ettin zombie (Geh:6)
  2 ice dragon zombies (Dis:7)
  A fire dragon zombie (Tar:6)
  3 shadows
  14 flying skulls
  4 wraiths
  A fire dragon skeleton (Geh:7)
  3 fire elementals
  A merfolk zombie (Geh:5)
  A neqoxec (Pan)
  20 hell hounds
  2 necrophages
  A manticore zombie (Dis:7)
  An ogre (Dis:7)
  7 wights
  A spriggan skeleton (Geh:6)
  2 crimson imps
  7 iron imps (Dis:7)
  A naga skeleton (Geh:4)
  2 fire vortices (Pan)
  2 tentacles (Tar:7)
280 creatures vanquished.

Vanquished Creatures (others)
  An eldritch tentacle (Pan)
  A warmonger (Pan)
  A fire giant (Depths:3)
  A frost giant (Depths:5)
  An elemental wellspring (Coc:5)
  2 blood saints (Pan)
  A spriggan air mage (WizLab)
  2 hell hogs
  A shock serpent (WizLab)
  A salamander mystic (Snake:4)
  A cherub (Pan)
  A deep elf pyromancer (Elf:2)
  2 deep elf zephyrmancers
  A fire giant skeleton (Geh:7)
  A molten gargoyle (Geh:7)
  A cane toad (Lair:6)
  2 hellions
  3 flying skulls
  2 ynoxinuls (Pan)
  A cane toad zombie (Geh:7)
  A cane toad skeleton (Geh:7)
  A wight (Geh:4)
  A white imp (Coc:7)
  10 ball lightnings (Pan)
  3 fire vortices (Pan)
  33 fungi
  113 plants
  10 starspawn tentacles
  15 tentacles
  12 withered plants (Crypt:3)
226 creatures vanquished.

Grand Total: 6286 creatures vanquished

Notes
Turn   | Place    | Note
-------+----------+-------------------------------------------
     0 | D:1      | spiderkeys the Minotaur Berserker began the quest for the
                  | Orb.
     0 | D:1      | Reached XP level 1. HP: 19/19 MP: 0/0
   119 | D:1      | Reached XP level 2. HP: 27/27 MP: 1/1
   722 | D:2      | Reached XP level 3. HP: 31/33 MP: 2/2
   881 | D:2      | Reached ** piety under Trog
   898 | D:2      | Found a faded altar of an unknown god.
   898 | D:2      | Noticed an ice beast
   910 | D:2      | Killed an ice beast
   911 | D:2      | Reached skill level 5 in Axes
   911 | D:2      | Reached XP level 4. HP: 41/41 MP: 3/3
  1081 | D:2      | Reached XP level 5. HP: 41/47 MP: 4/4
  1879 | D:3      | Found a blossoming altar of Fedhas.
  1882 | D:3      | Found a bloodstained altar of Trog.
  1885 | D:3      | Found a glowing silver altar of Zin.
  1888 | D:3      | Found a stormy altar of Qazlal.
  1989 | D:3      | Reached XP level 6. HP: 55/55 MP: 5/5
  2042 | D:3      | Reached *** piety under Trog
  2705 | D:3      | Found a hide-covered altar of Uskayaw.
  2716 | D:3      | Reached skill level 5 in Fighting
  3037 | D:4      | Reached XP level 7. HP: 55/61 MP: 6/6
  3045 | D:4      | Noticed Menkaure
  4603 | D:4      | Killed Menkaure
  4905 | D:4      | Found a shimmering altar of Xom.
  4907 | D:4      | Noticed Blork the orc
  4914 | D:4      | Killed Blork the orc
  4967 | D:4      | Found Puibbeev's Weapon Boutique.
  5015 | D:4      | Noticed Grinder
  5026 | D:4      | Killed Grinder
  5027 | D:4      | Reached skill level 5 in Armour
  5318 | D:4      | Found a shadowy altar of Dithmenos.
  5323 | D:4      | Noticed Robin
  5324 | D:4      | Noticed Eustachio
  5339 | D:4      | Killed Eustachio
  5339 | D:4      | Reached **** piety under Trog
  5340 | D:4      | Reached skill level 1 in Polearms
  5340 | D:4      | Reached skill level 5 in Dodging
  5340 | D:4      | Reached XP level 8. HP: 70/70 MP: 7/7
  5347 | D:4      | Killed Robin
  6192 | D:5      | Entered Level 5 of the Dungeon
  6353 | D:5      | Found a sand-covered staircase.
  6361 | Ossuary  | Entered an ossuary
  6493 | Ossuary  | Identified the +1 ring mail of the Jackalope {Regen+ Dex+4
                  | Slay+3 SInv}
  6928 | D:5      | Reached ***** piety under Trog
  7584 | D:6      | Reached skill level 5 in Polearms
  7620 | D:6      | Reached XP level 9. HP: 79/79 MP: 8/8
  7757 | D:6      | Received a gift from Trog
  8057 | D:6      | Found an opulent altar of Gozag.
  8432 | D:7      | Found a runed translucent door.
  8433 | D:7      | Noticed Crazy Yiuf
  8764 | D:7      | Found a staircase to the Ecumenical Temple.
  8944 | D:7      | Reached XP level 10. HP: 90/90 MP: 9/9
  9124 | D:7      | Killed Crazy Yiuf
  9574 | D:8      | Found a burning altar of Makhleb.
  9658 | D:8      | You fall into a shaft and drop 2 floors!
  9658 | D:10     | Entered Level 10 of the Dungeon
  9747 | D:10     | Found a staircase to the Lair.
  9795 | D:10     | Noticed Psyche
  9804 | D:10     | Killed Psyche
  9952 | D:10     | Noticed an unseen horror
  9955 | D:10     | Killed an unseen horror
 10644 | D:9      | Received a gift from Trog
 10733 | D:9      | Reached skill level 10 in Polearms
 11592 | D:8      | Identified the +3 hunting sling "Vuxaozus" {venom, *Corrode
                  | Int+3 Dex+5}
 11919 | D:11     | Reached XP level 11. HP: 95/99 MP: 10/10
 11934 | D:11     | Noticed Urug
 11950 | D:11     | Killed Urug
 11951 | D:11     | Reached skill level 10 in Fighting
 12058 | D:11     | Found a staircase to the Orcish Mines.
 12500 | D:11     | Noticed an eight-headed hydra
 12511 | D:11     | Killed a 14-headed hydra
 12795 | D:11     | Noticed a red ugly thing
 12799 | D:11     | Killed a red ugly thing
 12800 | D:11     | Reached skill level 10 in Armour
 13084 | Orc:1    | Entered Level 1 of the Orcish Mines
 13094 | Orc:1    | Reached ****** piety under Trog
 13182 | Orc:1    | Noticed an orc warlord
 13198 | Orc:1    | Killed an orc warlord
 13680 | D:4      | Bought the +11 spear "Hell-Harrower" {freeze, +Fly rElec
                  | Will+ Dex+2} for 949 gold pieces
 13844 | Orc:2    | Entered Level 2 of the Orcish Mines
 13844 | Orc:2    | Noticed an ettin
 13854 | Orc:2    | Killed an ettin
 13855 | Orc:2    | Reached skill level 1 in Shields
 13861 | Orc:2    | Found Neonulepug's General Store.
 13914 | Orc:2    | Noticed a two-headed ogre
 13921 | Orc:2    | Killed a two-headed ogre
 14037 | Orc:2    | Reached XP level 12. HP: 71/110 MP: 11/11
 14127 | Orc:2    | Received a gift from Trog
 14398 | Orc:1    | Reached skill level 10 in Dodging
 14440 | Orc:2    | Found a staircase to the Elven Halls.
 14929 | Orc:2    | Noticed a centaur warrior
 14941 | Orc:2    | Killed a centaur warrior
 15039 | Orc:2    | Found Foloh's Weapon Shoppe.
 15039 | Orc:2    | Found Pegiedghe's Weapon Shop.
 15041 | Orc:2    | Found Fumasik's Antique Weapon Boutique.
 15043 | Orc:2    | Found Gabasuy's Distillery.
 15055 | Orc:2    | Bought 2 potions of curing for 78 gold pieces
 15411 | D:12     | Noticed a two-headed ogre
 15416 | D:12     | Killed a two-headed ogre
 15417 | D:12     | Reached skill level 5 in Shields
 16169 | D:13     | Found a gate leading to a gauntlet.
 16173 | D:13     | Noticed a centaur warrior
 16185 | D:13     | Killed a centaur warrior
 16189 | Gauntlet | Entered a Gauntlet
 16189 | Gauntlet | Found a transporter.
 16189 | Gauntlet | Found a transporter.
 16190 | Gauntlet | Found a transporter.
 16193 | Gauntlet | Found a transporter.
 16193 | Gauntlet | Found a transporter.
 16195 | Gauntlet | Found a large runed translucent door.
 16196 | Gauntlet | Found a large runed translucent door.
 16197 | Gauntlet | Found a large runed translucent door.
 16197 | Gauntlet | Found a large runed translucent door.
 16197 | Gauntlet | Found a runed translucent door.
 16199 | Gauntlet | Found a large runed translucent door.
 16199 | Gauntlet | Found a runed translucent door.
 16200 | Gauntlet | Found a large runed translucent door.
 16200 | Gauntlet | Found a large runed translucent door.
 16200 | Gauntlet | Found a large runed translucent door.
 16200 | Gauntlet | Found a large runed translucent door.
 16200 | Gauntlet | Found a large runed translucent door.
 16201 | Gauntlet | Found a large runed translucent door.
 16201 | Gauntlet | Found a large runed translucent door.
 16202 | Gauntlet | Found a runed translucent gate.
 16202 | Gauntlet | Found a runed translucent gate.
 16202 | Gauntlet | Found a runed translucent gate.
 16204 | Gauntlet | Found a transporter.
 16208 | Gauntlet | Found a transporter.
 16269 | Gauntlet | Found a transporter.
 16279 | Gauntlet | Found a transporter.
 16294 | Gauntlet | Found a transporter.
 16304 | Gauntlet | Found a transporter.
 16319 | Gauntlet | Found a transporter.
 16321 | Gauntlet | Found a large runed translucent door.
 16322 | Gauntlet | Found a large runed translucent door.
 16350 | Gauntlet | Found a large runed translucent door.
 16351 | Gauntlet | Found a large runed translucent door.
 16449 | Gauntlet | Identified the ring of the Trout {Wiz Str+5 Slay-5}
 16486 | Gauntlet | Received a gift from Trog
 16524 | Gauntlet | Noticed a minotaur
 16536 | Gauntlet | Killed a minotaur
 16537 | Gauntlet | Reached XP level 13. HP: 119/119 MP: 12/12
 16544 | Gauntlet | Identified the Guide on the Displaced Frostbite
 17234 | D:14     | Identified the Grimoire of Earthen Ignition
 17287 | D:14     | Found a gate to the Vaults.
 17287 | D:14     | Noticed an ironbound preserver
 17294 | D:14     | Killed an ironbound preserver
 17671 | D:14     | You fall into a shaft and drop 1 floor!
 17671 | D:15     | Entered Level 15 of the Dungeon
 17807 | D:15     | Reached XP level 14. HP: 130/130 MP: 13/13
 17866 | D:15     | Found a staircase to the Depths.
 17866 | D:15     | Noticed a fire giant
 17884 | D:15     | Killed a fire giant
 17922 | D:15     | Identified the +10 short sword of Ycolil {elec, rN+ Stlth+}
 18013 | D:15     | Received a gift from Trog
 18111 | D:15     | Identified the +9 spear "Iruwk" {vorpal, Stlth+}
 18121 | D:15     | Noticed Agnes
 18132 | D:15     | Killed Agnes
 18146 | D:15     | Found Cimoim's Distillery.
 18337 | D:15     | Reached skill level 10 in Shields
 19553 | Lair:1   | Entered Level 1 of the Lair of Beasts
 19651 | Lair:1   | Found a runed translucent gate.
 19651 | Lair:1   | Found a runed translucent gate.
 19653 | Lair:1   | Found a runed translucent gate.
 19656 | Lair:1   | Noticed BlueFish's ghost (journeyman MiMo)
 19682 | Lair:1   | Killed BlueFish's ghost
 20490 | Lair:2   | Found a staircase to the Snake Pit.
 20539 | Lair:2   | Identified 3 scrolls of acquirement
 20540 | Lair:2   | Acquired the ring "Qovaqeri" {rN+ Slay+3 SInv}
 20544 | Lair:2   | Acquired a manual of Dodging
 20546 | Lair:2   | Acquired a manual of Dodging
 20768 | Lair:2   | Noticed thegreatwait's ghost (journeyman MiBe)
 20790 | Lair:2   | Received a gift from Trog
 21007 | Lair:2   | Found a transporter.
 21009 | Lair:2   | Found a transporter.
 21459 | Lair:3   | Reached XP level 15. HP: 78/139 MP: 14/14
 21673 | Lair:3   | Reached skill level 15 in Fighting
 21840 | Lair:3   | Found a blossoming altar of Fedhas.
 22759 | Lair:4   | Reached skill level 15 in Armour
 22788 | Lair:4   | Found a staircase to the Shoals.
 22867 | Lair:4   | Received a gift from Trog
 22872 | Lair:4   | Noticed Kirke
 22882 | Lair:4   | Noticed a sphinx
 22884 | Lair:4   | Killed Kirke
 23003 | Lair:4   | You fall into a shaft and drop 2 floors!
 23003 | Lair:6   | Entered Level 6 of the Lair of Beasts
 23624 | Lair:5   | Found a glowing silver altar of Zin.
 24351 | Lair:6   | Found a staircase to the Slime Pits.
 24420 | Lair:6   | Reached skill level 15 in Dodging
 24641 | Lair:6   | Found a runed translucent door.
 24680 | Lair:6   | Received a gift from Trog
 25830 | Snake:1  | Entered Level 1 of the Snake Pit
 25880 | Snake:1  | Reached XP level 16. HP: 126/151 MP: 15/15
 25883 | Snake:1  | Found a frozen archway.
 25891 | IceCv    | Entered an ice cave
 26136 | IceCv    | Received a gift from Trog
 26285 | IceCv    | Noticed an Ice Fiend
 26296 | IceCv    | Killed an Ice Fiend
 26364 | IceCv    | Identified the +7 short sword of Punishment {freeze, rN+}
 27092 | Snake:1  | You fall into a shaft and drop 1 floor!
 27521 | Snake:2  | Received a gift from Trog
 29202 | Snake:4  | Entered Level 4 of the Snake Pit
 29296 | Snake:4  | Reached XP level 17. HP: 154/161 MP: 16/16
 29299 | Snake:4  | Received a gift from Trog
 29509 | Snake:4  | Found Simnywim's General Store.
 29510 | Snake:4  | Found Guagail's Jewellery Shop.
 29510 | Snake:4  | Found Estavez's Armour Boutique.
 29534 | Snake:4  | Found Dethrunn's Book Shop.
 30067 | Snake:4  | Reached skill level 15 in Shields
 30071 | Snake:4  | Noticed Vashnia
 30285 | Snake:4  | Killed Vashnia
 30338 | Snake:4  | Received a gift from Trog
 31097 | Snake:4  | Got a serpentine rune of Zot
 31859 | Vaults:1 | Entered Level 1 of the Vaults
 31888 | Vaults:1 | Received a gift from Trog
 32239 | D:14     | Reached XP level 18. HP: 115/173 MP: 17/17
 32704 | Vaults:1 | Received a gift from Trog
 32839 | Vaults:1 | Acquired 754 gold pieces
 33729 | Vaults:2 | Found Woidgh's Magic Scroll Emporium.
 33753 | Vaults:2 | Bought a scroll of blinking for 150 gold pieces
 35449 | Vaults:3 | Found Oxigeo's Book Shoppe.
 35689 | Vaults:3 | Received a gift from Trog
 36229 | Vaults:3 | Reached XP level 19. HP: 183/183 MP: 18/18
 36417 | Vaults:3 | Found a staircase to the Crypt.
 36804 | Vaults:3 | Noticed Jory
 36813 | Vaults:3 | Killed Jory
 36813 | Vaults:3 | Received a gift from Trog
 37142 | Vaults:4 | Found Pownymn's Book Emporium.
 37451 | Vaults:4 | Received a gift from Trog
 38378 | Shoals:1 | Entered Level 1 of the Shoals
 40046 | Shoals:3 | Received a gift from Trog
 40310 | Shoals:3 | Noticed Polyphemus
 40332 | Shoals:3 | Killed Polyphemus
 40757 | Shoals:4 | Entered Level 4 of the Shoals
 40871 | Shoals:4 | Reached XP level 20. HP: 184/193 MP: 19/19
 40971 | Shoals:4 | Found Icwymp's General Store.
 40982 | Shoals:4 | Bought a scroll of blinking for 120 gold pieces
 41081 | Shoals:4 | Received a gift from Trog
 41206 | Shoals:4 | Got a barnacled rune of Zot
 41290 | Shoals:4 | Reached skill level 15 in Polearms
 41603 | Shoals:4 | Found the +3 warlock's mirror {reflect}
 42019 | Elf:1    | Entered Level 1 of the Elven Halls
 42230 | Elf:1    | Noticed Asterion
 42242 | Elf:1    | Killed Asterion
 42448 | Elf:1    | Found Acwajuno's Jewellery Boutique.
 42450 | Elf:1    | Received a gift from Trog
 42682 | Elf:1    | Noticed Louise
 42702 | Elf:1    | Killed Louise
 43510 | Elf:2    | Received a gift from Trog
 43668 | Elf:2    | Found a runed translucent gate.
 43669 | Elf:2    | Found a runed translucent gate.
 43670 | Elf:2    | Found a runed translucent gate.
 43909 | Elf:2    | Noticed Roxanne
 43929 | Elf:2    | Killed Roxanne
 44155 | Elf:2    | Identified the +12 trident of the Pyrrhic Victory {vorpal,
                  | +Rage Dex+2} (Trog gifted it to you on level 2 of the Elven
                  | Halls)
 44155 | Elf:2    | Received a gift from Trog
 44576 | Elf:3    | Entered Level 3 of the Elven Halls
 44718 | Elf:3    | Reached XP level 21. HP: 203/203 MP: 20/20
 45035 | Elf:3    | Cast into level 3 of the Abyss (a deep elf demonologist)
 45048 | Abyss:3  | Found a corrupted altar of Lugonu.
 45186 | Elf:3    | Escaped the Abyss
 45239 | Elf:3    | Received a gift from Trog
 45327 | Elf:3    | Identified the +7 short sword "Saenuro" {pain, *Drain
                  | Will++ SInv}
 45327 | Elf:3    | Identified the ring "Sudilidgh" {rElec rF++ rC- Str+6}
 45445 | Elf:3    | Found the +6 shillelagh "Devastator" {shatter}
 45458 | Elf:3    | Identified the +8 hunting sling of Light {flame, +Fly
                  | Dex+8}
 45525 | Elf:3    | Identified the +1 robe "Tiytas" {rElec Will+ Str-2}
 45529 | Elf:3    | Identified the +3 hunting sling "Giantslayer" {speed, Str+3
                  | Dex+5}
 45836 | Elf:3    | Identified the +0 leather armour of the Old World {rElec
                  | Str+2 SInv Stlth+}
 46061 | Depths:1 | Entered Level 1 of the Depths
 46281 | Depths:1 | Noticed Nikola
 46292 | Depths:1 | Killed Nikola
 46292 | Depths:1 | Received a gift from Trog
 46318 | Depths:1 | Found a gateway to a ziggurat.
 46432 | Depths:1 | Found a one-way gate leading to the halls of Pandemonium.
 46706 | Depths:1 | Found Oqougroz's Antique Weapon Shoppe.
 46876 | Depths:1 | Found a gateway to Hell.
 46908 | Depths:1 | Found a one-way gate to the infinite horrors of the Abyss.
 47007 | Depths:1 | Noticed a golden dragon
 47018 | Depths:1 | Killed a golden dragon
 47251 | Depths:2 | Reached XP level 22. HP: 114/213 MP: 21/21
 47846 | Depths:2 | Found Pyefoa's Book Shop.
 47846 | Depths:2 | Found Hexaunwa's Jewellery Emporium.
 47847 | Depths:2 | Found Uviupp's Book Shop.
 48234 | Depths:2 | Received a gift from Trog
 48397 | Depths:2 | Noticed a golden dragon
 48406 | Depths:2 | Killed a golden dragon
 48437 | Depths:2 | Identified the +2 robe of Hospitality {+Fly rPois Str+3
                  | Int+3}
 48580 | Depths:3 | Found Ufasasa's Antique Weapon Emporium.
 48580 | Depths:3 | Found Iheirch's Distillery.
 48584 | Depths:3 | Found Tiw Aloh's Antique Armour Emporium.
 48615 | Depths:3 | Found Kol Josm's Book Shop.
 49156 | Depths:3 | Identified the ring "Marhas" {Fire Will++}
 49201 | Depths:3 | Identified the ring "Plog" {*Contam rPois rF+ Int+3 Stlth+}
 49383 | Depths:3 | Identified the +7 glaive "Cicetug" {vorpal, Int+3} (Trog
                  | gifted it to you on level 3 of the Depths)
 49383 | Depths:3 | Received a gift from Trog
 49585 | Depths:3 | Noticed the Enchantress
 49609 | Depths:3 | Killed the Enchantress
 50020 | Depths:3 | Identified the +3 lajatang of the Bear {spect, *Noise rElec
                  | rN++}
 50367 | Depths:4 | Received a gift from Trog
 50401 | Depths:4 | Noticed a golden dragon
 50787 | Depths:4 | Killed a golden dragon
 50791 | Depths:4 | Reached XP level 23. HP: 207/223 MP: 22/22
 51364 | Depths:4 | Received a gift from Trog
 52194 | Depths:5 | Entered Level 5 of the Depths
 52232 | Depths:5 | Noticed a juggernaut
 52721 | Depths:4 | Killed a juggernaut
 53061 | Depths:5 | Noticed Margery
 53100 | Depths:5 | Killed Margery
 53108 | Depths:5 | Received a gift from Trog
 53478 | Depths:5 | Found a portal to a secret trove of treasure.
 53535 | Depths:5 | You paid a toll of 5 scrolls of blinking to enter a
                  | treasure trove
 53536 | Trove    | Entered a treasure trove
 53540 | Trove    | Identified the -5 hat of Rikaner {rF+}
 53541 | Trove    | Identified the +0 pair of boots "Josix" {-Cast Harm rCorr}
 53543 | Trove    | Identified the +1 ring mail of Zeaghemo {+Fly}
 53555 | Trove    | Identified the +1 cloak of Makhleb's Scorn {Str+2 Int+3}
 53556 | Trove    | Identified the +5 pair of gloves "Buykkiang" {*Slow rPois
                  | Str+2 Stlth+}
 53572 | Trove    | Identified the +0 pair of boots of Integrity {rN+ MP+9}
 53573 | Trove    | Identified the +0 pair of boots "Faano" {Will++ Str+4
                  | Slay-2}
 53793 | Depths:5 | Found a gate to the Realm of Zot.
 54098 | Depths:5 | Reached XP level 24. HP: 235/235 MP: 22/22
 54453 | Slime:1  | Entered Level 1 of the Pits of Slime
 54681 | Slime:2  | Identified the +2 war axe of Awkwardness {flame, rElec
                  | Dex+5} (Trog gifted it to you on level 2 of the Pits of
                  | Slime)
 54681 | Slime:2  | Received a gift from Trog
 55049 | Slime:5  | Entered Level 5 of the Pits of Slime
 55116 | Slime:5  | Gained mutation: You are dopey. (Int -2) [a shining eye]
 55616 | Slime:4  | Received a gift from Trog
 55791 | Slime:5  | Found a viscous altar of Jiyva.
 55792 | Slime:5  | Noticed the Royal Jelly
 55808 | Slime:5  | Killed the Royal Jelly
 56598 | Slime:5  | Found the +8 demon trident "Rift" {distort, reach+}
 56613 | Slime:5  | Identified the +7 hand axe of the Equator {venom, +Fly rC-
                  | Dex+4 Stlth+}
 56642 | Slime:5  | Identified the +8 rapier of Yeast {speed, *Slow rElec rPois
                  | Dex+4}
 56657 | Slime:5  | Identified the ring of the Chupacabra {Str+5 SInv}
 56695 | Slime:5  | Got a slimy rune of Zot
 56741 | Slime:5  | Identified the +5 great sword of Fufiera {protect, rC+
                  | Str-2 Dex+5}
 56750 | Slime:5  | Identified the +3 leather armour of Bitterness {rElec rF-
                  | rCorr Dex+6}
 57222 | Vaults:5 | Entered Level 5 of the Vaults
 57365 | Vaults:5 | Paralysed by a sphinx for 2 turns
 58352 | Vaults:4 | Received a gift from Trog
 58598 | Vaults:5 | Identified the +5 plate armour of Sorill {Regen+ Str+4}
 58617 | Vaults:5 | Reached XP level 25. HP: 209/245 MP: 10/22
 59336 | Vaults:5 | Identified the ring "Suyhiet" {+Inv Will+}
 59343 | Vaults:5 | Found the +5 sword of Power {vorpal}
 59383 | Vaults:5 | Identified the +0 plate armour of Complete Protection
                  | {-Cast Will+ Int+5 Dex+2}
 59411 | Vaults:5 | Noticed a dread lich
 59424 | Vaults:5 | Killed a dread lich
 59442 | Vaults:5 | Noticed a dread lich
 59456 | Vaults:5 | Killed a dread lich
 59526 | Vaults:5 | Identified the +8 plate armour "Getity" {rElec Str+2
                  | Stlth-}
 60005 | Vaults:5 | Identified the +1 plate armour of the Poles {rC+ Str+3}
 60495 | Vaults:5 | Got a silver rune of Zot
 61034 | Zot:1    | Entered Level 1 of the Realm of Zot
 61319 | Zot:1    | Received a gift from Trog
 62161 | Zot:1    | You fall into a shaft and drop 1 floor!
 62676 | Zot:1    | Identified the +8 hand axe of a Billion Knaves {vorpal,
                  | *Corrode rElec rN+ SInv}
 63301 | Orc:2    | Bought a potion of curing for 39 gold pieces
 63301 | Orc:2    | Bought a potion of cancellation for 104 gold pieces
 63301 | Orc:2    | Bought a potion of might for 52 gold pieces
 63301 | Orc:2    | Bought a potion of berserk rage for 65 gold pieces
 63301 | Orc:2    | Bought a potion of heal wounds for 65 gold pieces
 63301 | Orc:2    | Bought a potion of heal wounds for 65 gold pieces
 63471 | D:15     | Bought a potion of heal wounds for 70 gold pieces
 63471 | D:15     | Bought a potion of curing for 42 gold pieces
 63471 | D:15     | Bought a potion of haste for 140 gold pieces
 63471 | D:15     | Bought a potion of curing for 42 gold pieces
 63471 | D:15     | Bought a potion of resistance for 140 gold pieces
 63471 | D:15     | Bought a potion of cancellation for 112 gold pieces
 63471 | D:15     | Bought a potion of curing for 42 gold pieces
 63751 | Snake:4  | Bought a potion of curing for 45 gold pieces
 64094 | Depths:3 | Bought a potion of curing for 48 gold pieces
 64094 | Depths:3 | Bought 2 potions of curing for 96 gold pieces
 64094 | Depths:3 | Bought a potion of curing for 48 gold pieces
 64336 | Vaults:2 | Bought a scroll of fear for 70 gold pieces
 64336 | Vaults:2 | Bought a scroll of fear for 70 gold pieces
 64336 | Vaults:2 | Bought a scroll of teleportation for 60 gold pieces
 64336 | Vaults:2 | Bought 2 scrolls of magic mapping for 140 gold pieces
 64336 | Vaults:2 | Bought a scroll of teleportation for 60 gold pieces
 64703 | Snake:4  | Bought a scroll of silence for 112 gold pieces
 65174 | Zot:2    | Reached XP level 26. HP: 180/256 MP: 22/22
 65443 | Zot:2    | Received a gift from Trog
 65950 | Zot:2    | Reached skill level 27 in Shields
 67403 | Zot:3    | Received a gift from Trog
 68827 | Zot:5    | Entered Level 5 of the Realm of Zot
 69578 | Zot:5    | Reached XP level 27. HP: 251/266 MP: 22/22
 69755 | Zot:5    | Noticed an orb of fire
 69756 | Zot:5    | Gained mutation: Your body sometimes deteriorates upon
                  | taking damage. [an orb of fire]
 69757 | Zot:5    | Noticed an orb of fire
 69956 | Zot:5    | Gained mutation: You are very dopey. (Int -4) [an orb of
                  | fire]
 69958 | Zot:4    | Gained mutation: You expend magic power (3 MP) to
                  | strengthen your wands. [an orb of fire]
 69977 | Zot:4    | Killed an orb of fire
 70295 | Zot:5    | Gained mutation: Scrolls take you a little longer to read.
                  | [an orb of fire]
 70299 | Zot:4    | Gained mutation: Your spells are a little easier to cast,
                  | but a little less powerful. [an orb of fire]
 70303 | Zot:4    | Gained mutation: You occasionally shout uncontrollably at
                  | your foes. [an orb of fire]
 70318 | Zot:4    | Killed an orb of fire
 70319 | Zot:4    | Lost mutation: You are very dopey. (Int -4) [potion of
                  | mutation]
 70319 | Zot:4    | Lost mutation: Scrolls take you a little longer to read.
                  | [potion of mutation]
 70319 | Zot:4    | Gained mutation: You have sharp toenails. [potion of
                  | mutation]
 70319 | Zot:4    | Gained mutation: You are weak. (Str -2) [potion of
                  | mutation]
 70319 | Zot:4    | Gained mutation: You can translocate small distances at
                  | will. [potion of mutation]
 70769 | Zot:5    | Noticed an ancient lich
 70770 | Zot:5    | Noticed a dread lich
 70777 | Zot:5    | Killed an ancient lich
 70791 | Zot:5    | Killed a dread lich
 70978 | Zot:5    | Received a gift from Trog
 70979 | Zot:5    | Found the +8 lance "Wyrmbane" {slay drac, rPois rF+ rC+
                  | AC+3}
 71275 | Zot:5    | Noticed a dread lich
 71286 | Zot:5    | Noticed an ancient lich
 71287 | Zot:5    | Killed a dread lich
 71304 | Zot:5    | Killed an ancient lich
 71339 | Zot:5    | Noticed an orb of fire
 71360 | Zot:5    | Gained mutation: You tend to lose your temper in combat.
                  | [an orb of fire]
 71373 | Zot:5    | Killed an orb of fire
 72274 | Temple   | Entered the Ecumenical Temple
 72296 | Temple   | Fell from the grace of Trog
 72296 | Temple   | Became a worshipper of the Shining One
 72634 | Crypt:1  | Entered Level 1 of the Crypt
 72713 | Crypt:1  | Reached * piety under the Shining One
 73028 | Crypt:1  | Reached ** piety under the Shining One
 73242 | Crypt:1  | Reached *** piety under the Shining One
 74043 | Crypt:2  | Identified the +0 helmet "Cenuff" {Rampage rF- Dex+4}
 74050 | Crypt:2  | Identified the Disquisition on Ensnaring Contamination
 74055 | Crypt:2  | Reached **** piety under the Shining One
 74093 | Crypt:2  | Found a magical portal.
 74206 | WizLab   | Entered The Chambers of the Cloud Mage
 74212 | WizLab   | Reached ***** piety under the Shining One
 74833 | WizLab   | Reached skill level 1 in Invocations
 75411 | WizLab   | Identified the Incunabulum of Lightness
 75667 | Crypt:2  | Noticed Frederick
 75680 | Crypt:2  | Killed Frederick
 75806 | Crypt:2  | Reached ****** piety under the Shining One
 76815 | Crypt:3  | Entered Level 3 of the Crypt
 77190 | Crypt:3  | Noticed an ancient lich
 77201 | Crypt:3  | Killed an ancient lich
 77213 | Crypt:3  | Reached skill level 5 in Invocations
 77215 | Crypt:3  | Identified the +7 scythe of the Inferno {vorpal, rF+ rN++
                  | Dex-5 SInv}
 77388 | Crypt:3  | Found an ancient bone altar of Kikubaaqudgha.
 77643 | Crypt:3  | Found the +6 Majin-Bo {vamp, MP+6 Int+6}
 78581 | Crypt:3  | Found a staircase to the Tomb.
 79462 | Depths:1 | Learned a level 1 spell: Apportation
 79579 | Depths:1 | Voluntarily entered the Abyss.
 80077 | Abyss:3  | Found a corrupted altar of Lugonu.
 80106 | Abyss:4  | Found a corrupted altar of Lugonu.
 80347 | Abyss:4  | Reached skill level 27 in Armour
 80388 | Abyss:4  | Got an abyssal rune of Zot
 80811 | Depths:1 | Escaped the Abyss
 80812 | Depths:1 | Lost mutation: You expend magic power (3 MP) to strengthen
                  | your wands. [potion of mutation]
 80812 | Depths:1 | Lost mutation: Your body sometimes deteriorates upon taking
                  | damage. [potion of mutation]
 80812 | Depths:1 | Lost mutation: You tend to lose your temper in combat.
                  | [potion of mutation]
 80812 | Depths:1 | Gained mutation: You do not regenerate when monsters are
                  | visible. [potion of mutation]
 80812 | Depths:1 | Lost mutation: Your spells are a little easier to cast, but
                  | a little less powerful. [potion of mutation]
 80812 | Depths:1 | Gained mutation: You expend magic power (3 MP) to
                  | strengthen your wands. [potion of mutation]
 80813 | Depths:1 | Lost mutation: You expend magic power (3 MP) to strengthen
                  | your wands. [potion of mutation]
 80813 | Depths:1 | Lost mutation: You are weak. (Str -2) [potion of mutation]
 80813 | Depths:1 | Lost mutation: You are dopey. (Int -2) [potion of mutation]
 80813 | Depths:1 | Lost mutation: You can translocate small distances at will.
                  | [potion of mutation]
 80813 | Depths:1 | Gained mutation: Your muscles are strong. (Str +2) [potion
                  | of mutation]
 80813 | Depths:1 | Lost mutation: You do not regenerate when monsters are
                  | visible. [potion of mutation]
 80960 | Hell     | Entered the Vestibule of Hell
 80960 | Hell     | Noticed Geryon
 81743 | Hell     | Killed Geryon
 81833 | Hell     | Found a gateway to the ashen valley of Gehenna.
 81891 | Hell     | Found a gateway to the Iron City of Dis.
 81903 | Dis:1    | Entered Level 1 of the Iron City of Dis
 82667 | Dis:2    | Reached skill level 10 in Invocations
 82711 | Dis:2    | Found a burning altar of Makhleb.
 82754 | Dis:2    | Reached skill level 27 in Fighting
 85712 | Dis:4    | Reached skill level 1 in Spellcasting
 87558 | Dis:5    | Reached skill level 5 in Spellcasting
 87558 | Dis:5    | Reached skill level 15 in Invocations
 89827 | Dis:7    | Entered Level 7 of the Iron City of Dis
 91326 | Dis:7    | Reached skill level 10 in Spellcasting
 91389 | Dis:7    | Reached skill level 27 in Dodging
 91422 | Dis:7    | Was forgiven by Trog
 91451 | Dis:7    | Identified the ring of Dyteyhuo {rF+ Dex+6}
 91815 | Dis:7    | Learned a level 2 spell: Sublimation of Blood
 91870 | Dis:7    | Reached skill level 1 in Evocations
 91974 | Dis:7    | Reached skill level 1 in Throwing
 92138 | Dis:7    | Found the ring of the Tortoise {AC+8}
 92203 | Dis:7    | Identified the +0 tower shield of Iwedwy {rElec Dex+3
                  | Stlth+}
 92546 | Dis:7    | Reached skill level 5 in Throwing
 92692 | Dis:7    | Found the +4 staff of Dispater
 92692 | Dis:7    | Noticed Dispater
 92733 | Dis:7    | Reached skill level 5 in Evocations
 92752 | Dis:7    | Killed Dispater
 92787 | Dis:7    | Got an iron rune of Zot
 93070 | Depths:5 | Identified a +8 trishula of holy wrath (a +6 demon trident
                  | of flaming blessed by the Shining One)
 93070 | Depths:5 | Received a gift from the Shining One
 93263 | Pan      | Entered Pandemonium
 93409 | Pan      | Noticed Cutiph the pandemonium lord
 93431 | Pan      | Killed Cutiph the pandemonium lord
 94405 | Pan      | Entered the realm of Lom Lobon.
 94425 | Pan      | Identified the +5 plate armour "Qehib" {Slay+3 SInv}
 94556 | Pan      | Noticed Lom Lobon
 94565 | Pan      | Killed Lom Lobon
 94581 | Pan      | Got a magical rune of Zot
 95506 | Pan      | Found an exit through the horrors of the Abyss.
 95591 | Pan      | Noticed Ifahafu the pandemonium lord
 95603 | Pan      | Killed Ifahafu the pandemonium lord
 95604 | Pan      | Reached skill level 10 in Throwing
 95740 | Pan      | Reached skill level 10 in Evocations
 96705 | Pan      | Gained mutation: Armour fits poorly on your strangely
                  | shaped body. [a cacodemon]
 96739 | Pan      | Lost mutation: You occasionally shout uncontrollably at
                  | your foes. [potion of mutation]
 96739 | Pan      | Lost mutation: Your muscles are strong. (Str +2) [potion of
                  | mutation]
 96739 | Pan      | Lost mutation: You have sharp toenails. [potion of
                  | mutation]
 96739 | Pan      | Lost mutation: Armour fits poorly on your strangely shaped
                  | body. [potion of mutation]
 96739 | Pan      | Gained mutation: Your spells are a little harder to cast,
                  | but a little more powerful. [potion of mutation]
 96739 | Pan      | Gained mutation: You are covered in fur. (AC +1) [potion of
                  | mutation]
 96753 | Pan      | Found an exit through the horrors of the Abyss.
 96865 | Pan      | Got a demonic rune of Zot
 96870 | Pan      | Identified Cykhemim's Disquisition on Quantum Bewitchment
 98173 | Pan      | Noticed Fovvotz the pandemonium lord
 98181 | Pan      | Killed Fovvotz the pandemonium lord
 98984 | Pan      | Noticed a seraph
 99012 | Pan      | Killed a seraph
 99014 | Pan      | Found a glowing golden altar of the Shining One.
 99430 | Pan      | Identified the +8 hunting sling of Raqu {venom, Fragile
                  | rN+++ Dex-3 SInv}
 99432 | Pan      | Identified the +5 broad axe "Spiderslayer" {vorpal, Will+
                  | MP+9}
 99433 | Pan      | Identified the +8 dagger of Intuition {venom, rElec Int+2
                  | Stlth+}
 99438 | Pan      | Identified the ring of Ihefuih {rC+ Str+3 Int+5}
 99440 | Pan      | Identified the Compendium of Displaced Companions
100924 | Pan      | Found a glowing silver altar of Zin.
101032 | Pan      | Reached skill level 15 in Throwing
101368 | Pan      | Found a white marble altar of Elyvilon.
102523 | Pan      | Noticed Yfounyu the pandemonium lord
102534 | Pan      | Found a runed translucent door.
103196 | Pan      | Identified the +8 battleaxe of the Witching Sybil {vorpal,
                  | Fragile rF++}
103288 | Pan      | Reached skill level 15 in Evocations
103442 | Pan      | Found an exit through the horrors of the Abyss.
103724 | Pan      | Noticed Ygri Sau the pandemonium lord
103730 | Pan      | Killed Ygri Sau the pandemonium lord
104559 | Pan      | Noticed Gaoraenit the pandemonium lord
104592 | Pan      | Killed Gaoraenit the pandemonium lord
104804 | Pan      | Found an exit through the horrors of the Abyss.
105492 | Pan      | Gained mutation: You occasionally shout uncontrollably at
                  | your foes. [a cacodemon]
105498 | Pan      | Gained mutation: Your magical capacity is low. (-10% MP) [a
                  | cacodemon]
105537 | Pan      | Gained mutation: Your body sometimes deteriorates upon
                  | taking damage. [a neqoxec]
105544 | Pan      | Gained mutation: Your body often deteriorates upon taking
                  | damage. [a neqoxec]
105965 | Pan      | Gained mutation: Armour fits poorly on your strangely
                  | shaped body. [a cacodemon]
106008 | Pan      | Gained mutation: You are clumsy. (Dex -2) [a cacodemon]
106062 | Pan      | Noticed Waczy the pandemonium lord
106082 | Pan      | Killed Waczy the pandemonium lord
106824 | Pan      | Gained mutation: Scrolls take you a little longer to read.
                  | [a cacodemon]
106925 | Pan      | Lost mutation: Scrolls take you a little longer to read.
                  | [potion of mutation]
106925 | Pan      | Lost mutation: You are clumsy. (Dex -2) [potion of
                  | mutation]
106925 | Pan      | Lost mutation: You occasionally shout uncontrollably at
                  | your foes. [potion of mutation]
106925 | Pan      | Gained mutation: You possess an exceptional clarity of
                  | mind. [potion of mutation]
106925 | Pan      | Gained mutation: You expend magic power (3 MP) to
                  | strengthen your wands. [potion of mutation]
106926 | Pan      | Lost mutation: Your magical capacity is low. (-10% MP)
                  | [potion of mutation]
106926 | Pan      | Lost mutation: You possess an exceptional clarity of mind.
                  | [potion of mutation]
106926 | Pan      | Lost mutation: Your spells are a little harder to cast, but
                  | a little more powerful. [potion of mutation]
106926 | Pan      | Lost mutation: You expend magic power (3 MP) to strengthen
                  | your wands. [potion of mutation]
106926 | Pan      | Gained mutation: You are surrounded by a mild repulsion
                  | field. (EV +2) [potion of mutation]
106926 | Pan      | Gained mutation: You are dopey. (Int -2) [potion of
                  | mutation]
106926 | Pan      | Gained mutation: You passively map a small area around you.
                  | [potion of mutation]
106927 | Pan      | Lost mutation: Armour fits poorly on your strangely shaped
                  | body. [potion of mutation]
106927 | Pan      | Lost mutation: Your body often deteriorates upon taking
                  | damage. [potion of mutation]
106927 | Pan      | Lost mutation: You are dopey. (Int -2) [potion of mutation]
106927 | Pan      | Gained mutation: You have a somewhat thin skeletal
                  | structure. (Dex +2, Stealth) [potion of mutation]
106927 | Pan      | Gained mutation: Scrolls take you a little longer to read.
                  | [potion of mutation]
106927 | Pan      | Gained mutation: You are partially covered in large bone
                  | plates. (SH +4) [potion of mutation]
106928 | Pan      | Lost mutation: Your body sometimes deteriorates upon taking
                  | damage. [potion of mutation]
106928 | Pan      | Lost mutation: You are partially covered in large bone
                  | plates. (SH +4) [potion of mutation]
106928 | Pan      | Lost mutation: You passively map a small area around you.
                  | [potion of mutation]
106928 | Pan      | Gained mutation: Your body sometimes deteriorates upon
                  | taking damage. [potion of mutation]
106928 | Pan      | Gained mutation: Your mind is acute. (Int +2) [potion of
                  | mutation]
106933 | Pan      | Lost mutation: Your mind is acute. (Int +2) [potion of
                  | mutation]
106933 | Pan      | Lost mutation: Your body sometimes deteriorates upon taking
                  | damage. [potion of mutation]
106933 | Pan      | Gained mutation: You have sharp toenails. [potion of
                  | mutation]
106933 | Pan      | Gained mutation: You have a pair of large horns on your
                  | head. [potion of mutation]
106934 | Pan      | Lost mutation: Scrolls take you a little longer to read.
                  | [potion of mutation]
106934 | Pan      | Lost mutation: You have a pair of large horns on your head.
                  | [potion of mutation]
106934 | Pan      | Gained mutation: You are agile. (Dex +2) [potion of
                  | mutation]
106934 | Pan      | Gained mutation: Your natural rate of healing is unusually
                  | fast. [potion of mutation]
106934 | Pan      | Gained mutation: Your spells are a little harder to cast,
                  | but a little more powerful. [potion of mutation]
107029 | Pan      | Noticed Viem the pandemonium lord
107038 | Pan      | Killed Viem the pandemonium lord
107411 | Pan      | Identified the +1 pair of boots "Oneot" {+Blink Str+2}
107419 | Pan      | Entered the realm of Cerebov.
107663 | Pan      | Found the +6 sword of Cerebov {flame}
107663 | Pan      | Noticed Cerebov
108124 | Pan      | Found an exit through the horrors of the Abyss.
108267 | Pan      | Identified the +1 robe of Agoraphobia {rPois rC+ rN+++
                  | Str-5}
108280 | Pan      | Killed Cerebov
108338 | Pan      | Identified the +0 chain mail "Olumain" {Harm Dex+6}
108426 | Pan      | Identified the +11 shortbow "Ogreslayer" {freeze, rElec
                  | rPois Str+5}
108460 | Pan      | Identified the +1 chain mail "Jiges" {rElec Will+}
108461 | Pan      | Identified the Guide on Weightlessness and the Snowflakes
108488 | Pan      | Got a fiery rune of Zot
108545 | Pan      | Entered the realm of Gloorx Vloq.
108566 | Pan      | Found an exit through the horrors of the Abyss.
109773 | Pan      | Noticed Gloorx Vloq
109961 | Pan      | Killed Gloorx Vloq
110064 | Pan      | Got a dark rune of Zot
110163 | Pan      | Entered the realm of Mnoleg.
110266 | Pan      | Identified the +1 scale mail "Lujaipes" {rF+ Str+6}
110289 | Pan      | Gained mutation: Scrolls take you a little longer to read.
                  | [a cacodemon]
110298 | Pan      | Lost mutation: Scrolls take you a little longer to read. [a
                  | neqoxec]
110355 | Pan      | Noticed Mnoleg
110369 | Pan      | Paralysed by a floating eye for 3 turns
110376 | Pan      | Gained mutation: Scrolls take you a little longer to read.
                  | [a neqoxec]
110379 | Pan      | Paralysed by a floating eye for 2 turns
110472 | Pan      | Killed Mnoleg
110620 | Pan      | Gained mutation: Armour fits poorly on your strangely
                  | shaped body. [a neqoxec]
110632 | Pan      | Gained mutation: Potions are less effective at restoring
                  | your health. [a neqoxec]
110705 | Pan      | Gained mutation: Scrolls take you longer to read. [a
                  | cacodemon]
110924 | Pan      | Got a glowing rune of Zot
110946 | Pan      | Gained mutation: You are dopey. (Int -2) [a neqoxec]
111094 | Pan      | Gained mutation: You are weak. (Str -2) [a cacodemon]
111230 | Pan      | Found an exit through the horrors of the Abyss.
111248 | Pan      | Took an exit into the Abyss.
111248 | Abyss:1  | Escaped into the Abyss
111252 | Abyss:1  | Noticed a dread lich
111271 | Abyss:1  | Killed a dread lich
111286 | Depths:3 | Escaped the Abyss
111288 | Depths:3 | Upgraded the game from 0.27-a0-637-g3a9f0a9c12 to
                  | 0.27-a0-650-g8dd3ea4f36
111293 | Depths:3 | Learned a level 3 spell: Portal Projectile
111296 | Depths:3 | Learned a level 2 spell: Blink
113438 | Lair:2   | Reached skill level 1 in Slings
113452 | Lair:2   | Killed thegreatwait's ghost
114103 | Depths:3 | Bought a potion of brilliance for 64 gold pieces
114506 | Hell     | Noticed Murray
114518 | Hell     | Reached skill level 1 in Translocations
114535 | Depths:2 | Killed Murray
114721 | Geh:1    | Entered Level 1 of Gehenna
114945 | Geh:1    | Reached skill level 5 in Slings
116445 | Geh:2    | Reached skill level 10 in Slings
116533 | Geh:3    | Reached skill level 5 in Translocations
118552 | Geh:5    | Reached skill level 15 in Slings
120103 | Geh:6    | Reached skill level 10 in Translocations
120292 | Geh:6    | Found a huge runed gate.
120292 | Geh:6    | Found a huge runed gate.
120292 | Geh:6    | Found a huge runed gate.
120294 | Geh:6    | Found a huge runed gate.
120294 | Geh:6    | Found a huge runed gate.
120294 | Geh:6    | Found a huge runed gate.
120295 | Geh:6    | Found a huge runed gate.
120296 | Geh:6    | Found a huge runed gate.
120298 | Geh:6    | Found a huge runed gate.
120327 | Geh:6    | Found a huge runed gate.
120328 | Geh:6    | Found a huge runed gate.
120329 | Geh:6    | Found a huge runed gate.
120330 | Geh:6    | Found a huge runed gate.
120338 | Geh:6    | Found a huge runed gate.
120338 | Geh:6    | Found a huge runed gate.
120338 | Geh:6    | Found a huge runed gate.
120338 | Geh:6    | Found a huge runed gate.
120338 | Geh:6    | Found a huge runed gate.
120338 | Geh:6    | Found a huge runed gate.
120339 | Geh:6    | Found a huge runed gate.
120340 | Geh:6    | Found a huge runed gate.
120341 | Geh:6    | Found a huge runed gate.
120353 | Geh:6    | Found a huge runed gate.
120353 | Geh:6    | Found a huge runed gate.
120382 | Geh:6    | Found a huge runed gate.
120382 | Geh:6    | Found a huge runed gate.
120383 | Geh:6    | Found a huge runed gate.
120720 | Geh:7    | Entered Level 7 of Gehenna
121892 | Geh:7    | Found the +7 sceptre of Asmodeus
121892 | Geh:7    | Noticed Asmodeus
122257 | Geh:7    | Killed Asmodeus
122316 | Geh:7    | Found the +0 mask of the Dragon {Will+ Slay+3 SInv}
122316 | Geh:7    | Identified the Compendium of Feathery Necromancy
122391 | Geh:7    | Got an obsidian rune of Zot
124459 | Snake:1  | Found a glowing golden altar of the Shining One.
126386 | Orc:2    | Bought 14 sling bullets for 119 gold pieces
127150 | Hell     | Found a gateway to the freezing wastes of Cocytus.
127219 | Hell     | Found a gateway to the decaying netherworld of Tartarus.
127283 | Tar:1    | Entered Level 1 of Tartarus
127579 | Tar:1    | Learned a level 4 spell: Manifold Assault
128009 | Tar:1    | Learned a level 4 spell: Passage of Golubria
129031 | Tar:3    | Noticed an ancient lich
129035 | Tar:3    | Killed an ancient lich
129050 | Tar:3    | Noticed a dread lich
129056 | Tar:3    | Noticed a dread lich
129066 | Tar:3    | Killed a dread lich
129076 | Tar:3    | Killed a dread lich
129607 | Tar:5    | Reached skill level 15 in Translocations
130764 | Tar:7    | Entered Level 7 of Tartarus
132052 | Tar:7    | Noticed the Serpent of Hell
132056 | Tar:7    | Identified the +11 tower shield of Doneh {rC+ Int+2}
132062 | Tar:7    | Killed the Serpent of Hell
132091 | Tar:7    | Noticed Ereshkigal
132111 | Tar:7    | Killed Ereshkigal
132271 | Tar:7    | Got a bone rune of Zot
132274 | Tar:7    | Identified the Volume of Earthen Companions
132491 | Coc:1    | Entered Level 1 of Cocytus
132923 | Coc:1    | Learned a level 3 spell: Teleport Other
133880 | Coc:7    | Entered Level 7 of Cocytus
134084 | Coc:7    | HP: 4/273 [blizzard demon/bolt of lightning (17)]
134084 | Coc:7    | Killed from afar by a blizzard demon

Illustrated notes

Levels and vault maps discovered:
D:1:      psy_arrival_spokes, layout_basic, st_stairs_11
D:2:      layout_loops_ring, chequers_ecumenical_altar_island
D:3:      layout_basic, nicolae_uskayaw_dance_studio,
          grunt_temple_overflow_cloverleaf
D:4:      wad_pebble_path, layout_basic, lemuel_doored_altar,
          lemuel_crystal_altar, serial_shops, shop, minivault_5, uniq_eustachio,
          uniq_blork_the_orc, uniq_grinder, uniq_robin, uniq_menkaure
D:5:      layout_basic, serial_co_window_serial, co_window_of_opportunity_a,
          co_window_paths_a, co_window_paths_a, co_window_corner_a,
          co_window_paths_a, co_window_paths_c, co_window_broadway_a,
          co_window_2corner, co_window_corner_b, glass_columns_a,
          gup_ossuary_entry_pyramid
D:6:      layout_rooms, lemuel_coloured_pillars_altar
D:7:      minmay_clustersquares, layout_loops_ring,
          minmay_temple_entry_nine_rooms, uniq_crazy_yiuf_cottage
D:8:      layout_layer_cave, old_standard_altar
D:9:      layout_roguey
D:10:     layout_irregular_city, lair_entry_dummy, uniq_psyche
D:11:     layout_basic, david_orc_5, grunt_ministairs_2, minivault_19,
          minmay_fire_ice_demons, uniq_urug
D:12:     layout_cave_pods
D:13:     layout_rooms, gauntlet_entry_generic
D:14:     layout_loops_ring, skrybe_vaults_entry_preservation,
          solitary_fountain, hex_tiny, st_stairs_2, minmay_misc_feat_roman
D:15:     grunt_enter_depths_giant_problem, layout_long_grid, serial_park_paths
          [serial_park_minivault_5x5_8], serial_shops, shop, uniq_agnes
Temple:   cyrus_circular_temple
Lair:1:   minmay_lair_venomous_thicket, layout_loops_ring,
          gammafunk_ghost_necromancy, minmay_lair_oklob_chamber,
          serial_bayou_shore_a
Lair:2:   layout_cave_pods, guppyfry_snake_entry_garden, nzn_ghost_randoct
Lair:3:   layout_regular_city, lemuel_oklob_altar, infiniplex_staircase_pool
Lair:4:   layout_long_grid, shoals_dummy_entry, beast_lair_carwin_4, uniq_kirke
Lair:5:   layout_hall_layers, basic_altar
Lair:6:   wormcave, layout_gridlike, guppyfry_lair_end_dragon,
          nicolae_slime_entry_slimehenge, chequers_serial_rivers_micro_c,
          nicolae_quartered_pool_super, chequers_serial_rivers_marsh,
          st_stairs_8, roderic_batcave
Shoals:1: layout_shoals, nicolae_shoals_stone_sculpture_thing
Shoals:2: layout_shoals
Shoals:3: layout_shoals, uniq_polyphemus
Shoals:4: shoals_end_grunt_ice, layout_shoals, serial_shops, nicolae_shop_trees
Snake:1:  layout_layer_cave, basic_altar, portal_ice_cave_entry_pillars_three
Snake:2:  layout_onion_interference
Snake:3:  layout_chambers, nicolae_snake_linked_coils
Snake:4:  johnstein_snake_rune_scales, layout_cave_town, grunt_megastairs_3,
          minmay_shoptagon
Slime:1:  layout_caves
Slime:2:  layout_caves
Slime:3:  layout_caves
Slime:4:  layout_caves
Slime:5
Orc:1:    layout_caves
Orc:2:    st_orc_rangers, layout_caves, serial_shops, shop_fountains,
          minmay_orc_barracks
Elf:1:    elf_arrival_001, layout_loops_cross, serial_shops, shop,
          hangedman_elf_represent, uniq_asterion, uniq_louise
Elf:2:    layout_loops_corners, st_stairs_10, grunt_ministairs_1,
          evilmike_ambush [evilmike_ambush_outer_basic,
          evilmike_ambush_inner_basic], uniq_roxanne
Elf:3:    minmay_elf_hall, layout_geoelf_octagon, drop_trap
Vaults:1: hangedman_vaults_river_flow, ontoclasm_vaults_claustrophobia,
          nicolae_vaults_network_periphery, nicolae_vaults_theta,
          ontoclasm_vaults_gateway, nicolae_vaults_little_squares_5,
          vaults_dpeg_ring, vaults_dpeg_hooks, layout_vaults_omnibox
Vaults:2: vaults_room_door_ring, vaults_dpeg_spiral, hangedman_vaults_impose,
          v_misc_19, v_misc_23, nicolae_vaults_gold_heap,
          layout_vaults_chaotic_city, serial_shops, shop
Vaults:3: hangedman_vaults_maws, nicolae_vaults_network_s,
          minmay_crypt_entry_skeletal_spiral,
          vaults_room_grunt_arrival_checkpoint, v_alt_pattern_6,
          grunt_vaults_hallway_long, nicolae_vaults_windows_and_doors_thing,
          v_misc_30, layout_vaults_quadrants, serial_shops,
          nicolae_shop_window_shopping, uniq_jory
Vaults:4: vaults_room_hallway, nicolae_vaults_shelves_hall,
          hangedman_vaults_nails, nicolae_vaults_angled_halls, v_misc_30,
          hangedman_vaults_stagger, v_misc_2, nicolae_vaults_little_ls,
          st_lines, nicolae_vaults_diagonal_hallway_9, v_alt_pattern_6,
          ontoclasm_vaults_decontamination, vaults_room_semicircle,
          layout_vaults_omnicross, serial_shops, shop
Vaults:5
Crypt:1:  layout_chaotic_city, serial_co_window_serial,
          co_window_of_opportunity_a, co_window_of_opportunity_a,
          co_window_corner_a, co_window_of_opportunity_a, co_window_paths_a,
          co_window_of_opportunity_a, co_window_corner_a, co_window_paths_a,
          co_window_corner_a, co_window_broadway_a, co_window_of_opportunity_c,
          co_window_2corner, co_window_4corner_b, glass_columns_c
Crypt:2:  layout_catacombs, mu_enter_wizlab_2, uniq_frederick
Crypt:3:  evilmike_haunted_forest
Depths:1: layout_gridlike, enter_ziggurat_e, serial_shops, shop_fountains,
          abyss_entry, minmay_misc_feat_rows, hellmouth_1, pan_entry,
          minmay_evil_grid, uniq_nikola
Depths:2: minmay_sliced_demisemicircle, layout_gridville, hell_entry,
          minmay_shop_grove, grunt_megastairs_2, minmay_staircase_windowed_large
Depths:3: minmay_fractal_lines_corner, layout_gridville,
          abyss_entry_small_statue_room, hellmouth_2, serial_shops, shop,
          grunt_pan_entry_zigzag, minmay_shop_star, infiniplex_staircase_spiral,
          uniq_enchantress
Depths:4: minmay_the_grid_octo_tiled_squarecenter_mashed
          [minmay_the_grid_octo_thin_diamonds, minmay_the_grid_octo_odd_swirl,
          minmay_the_grid_octo_checkered, minmay_the_grid_octo_empty,
          minmay_the_grid_square_5x5_megaprize_hollow,
          minmay_the_grid_square_5x5_minivault,
          minmay_the_grid_square_5x5_corner,
          minmay_the_grid_square_5x5_intrusive_squares,
          minmay_the_grid_square_5x5_broken_cross], layout_gridlike,
          grunt_hell_entry_dis_grunt, minmay_stone_trees_small,
          hangedman_abyss_entry_splay
Depths:5: grunt_zot_entry_hairpin, layout_cave_pools, pf_hell_entry_great_geh,
          skrybe_limestone_x, nicolae_trove_entry_isolated, grunt_megastairs_1,
          uniq_margery
Hell
Dis:1:    layout_overlapping_boxes, nicolae_dis_hell_towers
Dis:2:    kennysheep_iron_temple, layout_regular_city
Dis:3:    layout_gridville
Dis:4:    layout_chaotic_city, grunt_megastairs_4
Dis:5:    layout_gridville
Dis:6:    layout_gridville
Dis:7:    dis_grunt_layers
Geh:1:    layout_gehenna_pools_triple
Geh:2:    layout_gehenna_pools_box
Geh:3:    layout_gehenna_lava_caves
Geh:4:    layout_gehenna_pools_basic, lemuel_old_faithful
Geh:5:    layout_gehenna_pools_box, hangedman_elemental_corridor
Geh:6:    layout_gehenna_pools_box, not_door_vault_due
Geh:7:    geh_mu
Coc:1:    layout_ice_bergs
Coc:2:    layout_ice_bergs
Coc:3:    layout_cocytus_water_paths, lemuel_elevator
Coc:4:    layout_cocytus_water_paths
Coc:5:    layout_cocytus_delve, grunt_cocytus_stairs_refrigerator,
          lemuel_elevator
Coc:6:    layout_ice_bergs
Coc:7:    coc_hangedman
Tar:1:    layout_honeycomb, nicolae_tar_cuneiform_not, grunt_megastairs_5
Tar:2:    layout_grid_maze
Tar:3:    grunt_deathspiral_small, layout_cathedral_of_symmetry
Tar:4:    layout_grid_maze
Tar:5:    layout_cathedral_of_symmetry
Tar:6:    layout_grid_maze
Tar:7:    tar_minmay_river
Zot:1:    layout_onion_interference, st_small_dragon_hoard_1
Zot:2:    layout_basic
Zot:3:    layout_gridlike, grunt_ministairs_9, lemuel_golem_globe
Zot:4:    layout_misc_corridors, zot_minivault_5
Zot:5:    layout_gridville, grunt_ministairs_10

Skill      XL: |  1  2  3  4  5  6  7  8  9 10 11 12 13 14 15 16 17 18 19 20 21 22 23 24 25 26 27 |
---------------+----------------------------------------------------------------------------------+-----
Axes           | 4 5 6 8 |  8.0
Fighting       | 4 5 6 7 8 9 11 12 13 14 16 17 18 19 20 21 22 23 24 25 27 | 27.0
Armour         | 3 4 5 6 8 9 10 12 13 14 15 17 18 19 20 21 23 24 25 27 | 27.0
Dodging        | 3 4 5 6 7 8 9 11 12 13 16 17 19 21 22 23 27 | 27.0
Polearms       | 1 5 8 10 12 13 14 16 17 18 19 20 21 22 26 | 26.8
Shields        | 2 6 9 11 13 14 15 17 19 20 22 23 25 26 27 | 27.0
Invocations    | 23 | 23.1
Spellcasting   | 10 | 10.0
Evocations     | 20 | 20.7
Throwing       | 21 | 21.1
Slings         | 24 | 24.4
Translocations | 18 | 18.1

Action                   |  1- 3 |  4- 6 |  7- 9 | 10-12 | 13-15 | 16-18 | 19-21 | 22-24 | 25-27 || total
-------------------------+-------+-------+-------+-------+-------+-------+-------+-------+-------++-------
Melee: Hand axe          |    49 |       |       |       |       |       |       |       |       ||    49
       Headbutt          |     5 |    26 |    55 |    97 |   277 |   362 |   402 |   634 |  3275 ||  5133
       War axe           |       |   129 |    36 |       |       |       |       |       |       ||   165
       Halberd           |       |       |   258 |   280 |       |       |       |       |       ||   538
       Spear             |       |       |       |   336 |  1043 |  1406 |  1731 |  1565 |  1228 ||  7309
       Demon trident     |       |       |       |       |     6 |       |       |   312 |   209 ||   527
       Lance             |       |       |       |       |       |       |       |       |  5589 ||  5589
       Trishula          |       |       |       |       |       |       |       |       |  5419 ||  5419
       Unarmed           |       |       |       |       |       |       |       |       |    46 ||    46
Throw: Throwing net      |       |       |     1 |       |       |       |       |       |       ||     1
       Javelin           |       |       |       |       |       |       |       |       |    10 ||    10
 Cast: Manifold Assault  |       |       |       |       |       |       |       |       |    36 ||    36
       Blink             |       |       |       |       |       |       |       |       |     2 ||     2
Invok: Berserk           |     1 |       |     5 |     8 |     9 |     4 |     3 |     6 |       ||    36
       Trog's Hand       |       |       |       |       |     1 |     2 |     4 |     3 |     2 ||    12
       Brothers in Arms  |       |       |       |       |       |     1 |     2 |     2 |       ||     5
       Summon Divine War |       |       |       |       |       |       |       |       |    66 ||    66
       Divine Shield     |       |       |       |       |       |       |       |       |     4 ||     4
       Brand Weapon With |       |       |       |       |       |       |       |       |     1 ||     1
 Abil: Evoke Flight      |       |       |       |       |       |       |       |     4 |       ||     4
Evoke: Wand              |       |       |       |       |       |       |       |       |     4 ||     4
       Phantom mirror    |       |       |       |       |       |       |       |       |     2 ||     2
  Use: Scroll            |       |       |     4 |    18 |    10 |    10 |     2 |     8 |    36 ||    88
       Potion            |       |       |       |       |     1 |     3 |     5 |       |    43 ||    52
 Stab: Distracted        |       |       |       |       |       |     1 |     1 |       |     1 ||     3
       Sleeping          |       |       |       |       |       |       |       |     1 |       ||     1
Armor: Animal skin       |     5 |       |       |       |       |       |       |       |       ||     5
       Plate armour      |    10 |    94 |   114 |       |       |       |       |       |       ||   218
       Ring mail         |       |       |    72 |   152 |   197 |   169 |   155 |   120 |       ||   865
       Gold dragon scale |       |       |       |       |       |       |       |   345 |  1994 ||  2339
       Skin              |       |       |       |       |       |       |       |       |    48 ||    48
Dodge: Dodged            |    30 |    59 |   151 |   314 |   310 |   336 |   394 |   604 |  2138 ||  4336
Block: Tower shield      |       |       |       |   281 |   693 |   864 |  1030 |  1978 |  9418 || 14264
       Reflection        |       |       |       |       |       |       |    23 |    40 |   227 ||   290
       Other             |       |       |       |       |       |       |       |       |     4 ||     4

Table legend: (Time is in decaauts)
 A = Elapsed time spent in this place.
 B = Non-inter-level travel time spent in this place.
 C = Inter-level travel time spent in this place.
 D = Time resting spent in this place.
 E = Time spent auto-exploring this place.
 F = Levels seen in this place.
 G = Mean time per level.
                   A        B        C        D        E       F      G
               +--------+--------+--------+--------+--------+-----+--------+
         Total | 128196 | 112314 |  15882 |  18026 |  66291 | 114 | 1124.5 |
       Dungeon |  21081 |  16371 |   4710 |   3619 |  10152 |  15 | 1405.4 |
        Temple |     43 |     33 |     10 |      0 |     21 |   1 |   43.0 |
          Lair |   8042 |   6096 |   1946 |    440 |   4545 |   6 | 1340.3 |
        Shoals |   4599 |   3677 |    922 |    487 |   2445 |   4 | 1149.8 |
     Snake Pit |   6423 |   5507 |    916 |    681 |   3644 |   4 | 1605.8 |
    Slime Pits |   2224 |   2209 |     15 |   1121 |    330 |   5 |  444.8 |
  Orcish Mines |   2075 |   1771 |    304 |    316 |    926 |   2 | 1037.5 |
   Elven Halls |   3871 |   3557 |    314 |    410 |   2260 |   3 | 1290.3 |
        Vaults |  10606 |   8922 |   1684 |   1814 |   5533 |   5 | 2121.2 |
         Crypt |   5066 |   4706 |    360 |    689 |   3162 |   3 | 1688.7 |
        Depths |  11629 |   8841 |   2788 |   3283 |   3784 |   5 | 2325.8 |
          Hell |    605 |    554 |     51 |      0 |     99 |   1 |  605.0 |
           Dis |   9899 |   9719 |    180 |    571 |   6523 |   7 | 1414.1 |
       Gehenna |   7321 |   6983 |    338 |    325 |   4353 |   7 | 1045.9 |
       Cocytus |   1391 |   1378 |     13 |      0 |    573 |   7 |  198.7 |
      Tartarus |   4753 |   4271 |    482 |     78 |   2756 |   7 |  679.0 |
           Zot |   7623 |   6780 |    843 |   1782 |   3290 |   5 | 1524.6 |
         Abyss |   1312 |   1312 |      0 |    394 |    267 |   6 |  218.7 |
   Pandemonium |  16842 |  16842 |      0 |   1196 |  10456 |  16 | 1052.6 |
         Trove |     79 |     79 |      0 |      0 |      0 |   1 |   79.0 |
       Ossuary |    238 |    238 |      0 |     41 |    119 |   1 |  238.0 |
      Ice Cave |    691 |    691 |      0 |    145 |    274 |   1 |  691.0 |
        Wizlab |   1369 |   1369 |      0 |    573 |    547 |   1 | 1369.0 |
      Gauntlet |    405 |    405 |      0 |     53 |    227 |   1 |  405.0 |
               +--------+--------+--------+--------+--------+-----+--------+

Top non-repeatable levels by time:
Depths:3: 3351 daAuts
Depths:5: 2881 daAuts
     D:3: 2776 daAuts
   Dis:7: 2712 daAuts
Vaults:4: 2567 daAuts
 Crypt:3: 2209 daAuts
Vaults:3: 2146 daAuts
 Snake:4: 2142 daAuts
    D:11: 2115 daAuts
Vaults:1: 2070 daAuts
   Zot:4: 2064 daAuts
    D:15: 2009 daAuts
Vaults:5: 2005 daAuts
 Snake:3: 1916 daAuts
     D:4: 1909 daAuts
